Cogmind - Beta 11 X2 @@@ ROGUE MODE // 2021.02.19 @ 03:49:49 Player: Assim-RIF physicshover Result: Escaped singularity! Performance ------------- Evolutions (9) 4500 Regions Visited (38) 7600 Robots Destroyed (378) 1890 Value Destroyed (20952) 20952 Prototype IDs (91) 1820 Alien Tech Used (15) 3000 Bonus (48443) 48443 TOTAL SCORE: 88205 Bonus ------- High Alert Combat Kills 659 Follower Combat Kills 4414 Entered Garrisons 2200 Used RIF Installer 5500 Network Hubs Disabled 400 Built Enhanced Grunts 300 Met R17 at Cetus 500 Met R17 at Research 2000 Destroyed MAIN.C Guards 500 Met MAIN.C 5000 Destroyed MAIN.C Shell 5000 Destroyed MAIN.C 10000 Met Architect 300 Destroyed A8 300 Destroyed A6 400 Destroyed A5 500 Destroyed A4 700 Destroyed Architect 15000 Win 3000 Friendly Fire -8230 Cogmind --------- Core Integrity 42/1850 Matter 12/425 Energy 694/700 System Corruption 0% Temperature Cool (10) Movement Hovering (44) Location Near Former Tau Ceti IV Parts ------- > --- POWER (1) -------- (None) > --- PROPULSION (6) --- Cooled Antigrav System Combat Antigrav System Combat Antigrav System Combat Antigrav System Combat Antigrav System Combat Linear Gravjet > --- UTILITY (17) ----- Advanced Heat Sink Coolant Network Medium Storage Unit Experimental Energy Well Spectral Analyzer Improved Melee Analysis Suite Experimental Target Analyzer Experimental Armor Integrity Analyzer Experimental Weapon Cycler Layered Medium Armor Plating > --- WEAPON (1) ------- Plasma Lance > --- INVENTORY (12) --- Combat Antigrav System Combat Antigrav System Combat Antigrav System High-powered Transdimensional Reconstructor Peak State ------------ > --- POWER ------------ Mini Fusion Reactor > --- PROPULSION ------- Cooled Antigrav System Cooled Linear Gravjet Cooled Linear Gravjet Cooled Linear Gravjet Cooled Linear Gravjet Combat Linear Gravjet > --- UTILITY ---------- Medium Storage Unit Experimental Energy Well Spectral Analyzer Improved Melee Analysis Suite Advanced Melee Analysis Suite Experimental Target Analyzer Experimental Armor Integrity Analyzer Femtoactuators Experimental ECM Suite Centrium Heavy Armor Plating Centrium Heavy Armor Plating Experimental Powered Armor Experimental Powered Armor Matter Drive > --- WEAPON ----------- Plasma Lance > --- INVENTORY -------- Cooled Antigrav System Combat Antigrav System Combat Antigrav System Combat Antigrav System Combat Antigrav System Combat Antigrav System Combat Antigrav System Combat Antigrav System Cooled Linear Gravjet Combat Linear Gravjet High-powered Transdimensional Reconstructor Ragnarok Missile Launcher [Rating: 233] Favorites ----------- Power Quantum Reactor Engine Cooled Ion Engine Power Core Backup Power VII Reactor Quantum Reactor Propulsion Cooled Field Propulsion Drive Treads Light Treads Leg Aluminum Leg Wheel Armored Wheel Hover Unit Combat Antigrav System Flight Unit Cooled Field Propulsion Drive Utility Relay Coupler [C] Device Improved Cooling System Storage Large Storage Unit Processor Spectral Analyzer Hackware Relay Coupler [C] Protection Medium Reactive Plating Artifact Core Physics Calibrator Weapon Enhanced Force Lance Energy Gun Improved EM Shotgun Energy Cannon Advanced Beam Cannon Ballistic Gun Flak Gun Ballistic Cannon Flak Cannon Launcher Ragnarok Missile Launcher Special Weapon Advanced Remote Datajack Impact Weapon Mace Slashing Weapon Plasma Sword Piercing Weapon Enhanced Force Lance Special Melee Weapon Advanced Datajack Build | -11 -10 -10 -9 -9 -9 -8 -8 -8 -8 -7 -7 -7 -7 -6 -6 -6 -6 -6 -6 -5 -5 -4 -4 -4 -4 -3 -3 -3 -3 -2 -2 -2 -2 -1 -1 -1 -1 -1 ------- Run | Scr Mat Min Mat Sto Gar Mat Gar Mat Gar Fac Was Fac Gar Fac Gar Ext Cet Arc Hub Fac Gar Fac Gar Fac Gar Res Gar Res Tes Res Qua Sec Gar Acc Gar Acc Com Ac0 Slots Evolved 18 | . . . 2 . . 2 . . . 2 . . . 2 . . . . . 2 . 2 . . . 2 . . . 2 . . . 2 . . . . Power . | . . . . . . . . . . . . . . . . . . . . 1 . . . . . . . . . . . . . -1 . . . . Propulsion 4 | . . . 1 . . 1 . . . . . . . 2 . . . . . . . . . . . . . . . . . . . . . . . . Utility 15 | . . . 1 . . 1 . . . 2 . . . . . . . . . 1 . 2 . . . 2 . . . 2 . . . 4 . . . . Weapon -1 | . . . . . . . . . . . . . . . . . . . . . . . . . . . . . . . . . . -1 . . . . Parts Attached 737 | 11 2 8 24 13 10 47 1 16 . 5 11 . 26 10 13 14 16 6 2 9 17 9 10 3 18 39 21 15 8 5 8 21 11 31 27 32 145 73 Power 51 | 2 . 2 1 1 1 5 . . . 1 3 . 1 1 1 1 2 . . . 1 . 3 . 1 3 4 2 . . 1 . . 2 1 1 8 2 Engine 16 | 2 . 2 1 1 1 5 . . . 1 . . . . 1 1 . . . . . . . . . . . . . . 1 . . . . . . . Core 13 | . . . . . . . . . . . . . 1 1 . . . . . . 1 . 2 . 1 3 1 . . . . . . 1 1 . 1 . Reactor 22 | . . . . . . . . . . . 3 . . . . . 2 . . . . . 1 . . . 3 2 . . . . . 1 . 1 7 2 Propulsion 176 | 4 . 2 6 5 4 15 . 1 . 2 4 . 5 3 5 8 4 . 1 2 4 . 2 1 2 16 2 7 1 . 1 . . 1 1 8 26 33 Treads 47 | 2 . 2 3 . . 13 . 1 . 2 4 . 2 1 4 8 4 . 1 . . . . . . . . . . . . . . . . . . . Leg 12 | 2 . . 1 . 3 . . . . . . . 3 1 . . . . . . . . . . 2 . . . . . . . . . . . . . Wheel 7 | . . . 2 4 . . . . . . . . . 1 . . . . . . . . . . . . . . . . . . . . . . . . Hover 73 | . . . . . . . . . . . . . . . . . . . . 1 . . . 1 . 4 . . . . . . . . . 8 26 33 Flight 37 | . . . . 1 1 2 . . . . . . . . 1 . . . . 1 4 . 2 . . 12 2 7 1 . 1 . . 1 1 . . . Utility 320 | 3 . 1 6 4 . 15 . 5 . 2 4 . 10 5 4 4 7 5 1 4 7 7 5 2 10 16 14 6 7 5 5 14 11 8 9 8 74 32 Device 115 | 2 . . 3 . . 7 . 2 . 1 1 . 5 2 2 . 2 1 . . . 1 . . . 2 . 1 . 3 4 9 . 1 2 3 41 20 Storage 20 | . . . . . . . . . . . . . . . . . 2 . . . . . . . . . . . 2 1 1 1 1 1 . 1 8 2 Processor 21 | 1 . . 1 . . 2 . . . . . . 1 . . . . . . 1 1 2 . . . 2 . . 1 1 . . . 1 . 1 5 1 Hackware 87 | . . . . . . 2 . . . . . . 4 1 . . . 4 . 3 6 2 3 2 5 5 13 5 4 . . . 10 5 7 2 4 . Protection 68 | . . 1 2 4 . 4 . 3 . 1 3 . . 2 2 4 3 . 1 . . 2 2 . 5 7 1 . . . . . . . . . 13 8 Artifact 9 | . . . . . . . . . . . . . . . . . . . . . . . . . . . . . . . . 4 . . . 1 3 1 Weapon 190 | 2 2 3 11 3 5 12 1 10 . . . . 10 1 3 1 3 1 . 3 5 2 . . 5 4 1 . . . 1 7 . 20 16 15 37 6 Energy Gun 19 | 1 . . 1 . 1 5 1 4 . . . . 1 . 1 . . . . . . . . . . . . . . . . . . . . . 3 1 Energy Cannon 7 | . . 1 1 . . 1 . . . . . . . . . 1 . . . . . . . . . . . . . . . 3 . . . . . . Ballistic Gun 29 | 1 1 2 6 2 4 3 . . . . . . . . 2 . 2 1 . 1 2 1 . . . . . . . . . . . . . . 1 . Ballistic Cannon 9 | . . . . . . 1 . 2 . . . . 5 1 . . . . . . . . . . . . . . . . . . . . . . . . Launcher 2 | . . . . . . . . . . . . . . . . . . . . . . . . . . . . . . . . . . . . . . 2 Special Weapon 51 | . 1 . 3 . . . . . . . . . . . . . . . . . . . . . 1 2 1 . . . 1 2 . 10 8 7 15 . Impact Weapon 3 | . . . . 1 . 2 . . . . . . . . . . . . . . . . . . . . . . . . . . . . . . . . Slashing Weapon 11 | . . . . . . . . 4 . . . . . . . . 1 . . 2 . . . . 3 1 . . . . . . . . . . . . Piercing Weapon 50 | . . . . . . . . . . . . . . . . . . . . . . . . . . 1 . . . . . 2 . 10 8 8 18 3 Special Melee Weapon 9 | . . . . . . . . . . . . . 4 . . . . . . . 3 1 . . 1 . . . . . . . . . . . . . Unidentified Prototypes 49 | . . . 3 1 . 3 . . . . . . . 1 . . 5 . . 2 . . . . . . . 3 1 . 1 10 . . . . 11 8 Parts Lost 125 | . . 1 2 2 8 6 . . . 1 . . 12 . 4 2 2 . 8 . 1 . 10 4 6 3 2 1 . . 1 3 . 1 2 . 12 31 Power 11 | . . . . . . . . . . . . . 1 . . 1 . . 1 . . . 1 1 . . 2 1 . . . . . . . . 1 2 Propulsion 41 | . . . 1 . 3 3 . . . . . . 3 . 2 . . . 3 . . . 6 1 1 2 . . . . . 1 . . 1 . 4 10 Utility 55 | . . . . 2 3 1 . . . 1 . . 5 . 2 1 1 . 3 . 1 . 3 2 3 1 . . . . . 2 . 1 1 . 5 17 Weapon 18 | . . 1 1 . 2 2 . . . . . . 3 . . . 1 . 1 . . . . . 2 . . . . . 1 . . . . . 2 2 Highest Loss Streak 8 | . . 1 1 1 8 3 . . . 1 . . 6 . 3 1 1 . 8 . 1 . 3 3 4 1 2 1 . . 1 2 . 1 1 . 6 6 Average Slot Usage (%) 89 | . 100 99 98 99 75 89 100 99 100 83 76 61 75 75 81 91 85 79 79 53 83 91 79 68 51 84 94 99 99 98 98 94 82 91 97 99 95 87 Engine 2 | . 14 14 11 11 11 9 9 9 9 7 3 . . . 3 5 1 . . 8 9 5 1 7 1 . . . 1 4 2 . . . . . . . Core 1 | . . . . . . . . . . . . . 1 6 2 . . . . . . 5 4 . 2 8 4 3 . . 1 4 . . 4 . . . Reactor 2 | . . . . . . . . . . . 3 7 4 . . . 4 6 6 . . . . . . . 3 5 7 4 4 3 . 1 . 3 3 3 Treads 11 | . . 26 20 5 . 29 36 36 36 30 21 15 12 14 28 37 28 20 20 1 . . . . . . . . . . . . . . . . . . Leg 1 | . 28 1 7 . 12 2 . . . . . . 3 10 2 . . . . . . . . . . . . . . . . . . . . . . . Hover 6 | . . . . . . . . . . . . . . . . . . . . 2 3 . . 4 3 3 . . . . . . . . . 21 22 23 Flight 5 | . . . . . . 2 . . . . . . . . . 2 . . . 4 14 26 21 4 . 17 24 28 28 26 26 25 21 21 22 2 . . Device 9 | . 14 14 12 11 . 7 9 5 9 7 15 15 19 9 14 8 10 8 5 . . 1 . . . 2 . . . 4 11 20 6 7 4 4 15 13 Storage 2 | . . . . . . . . . . . . . . . . . 4 1 . . . . . . . . . . . 3 3 3 2 5 4 4 7 9 Processor 4 | . 14 11 3 . . 6 . . . . . . 1 4 . . . . . 2 2 3 . . . 4 3 . . 7 4 4 4 4 4 4 9 18 Hackware 18 | . . . . . . 2 . . . . . . 15 . 2 . . 16 22 23 37 33 35 41 33 29 41 51 50 39 35 20 32 43 54 55 26 . Protection 9 | . . 2 16 21 15 10 27 30 27 21 15 7 . 11 11 23 21 10 9 . . 5 5 . . 8 3 . . . . . . . . . 5 14 Energy Gun 1 | . 14 . 2 . . 4 18 11 . . . . 1 4 1 . . . . . . . . 3 . . . . . . . . . . . . . . Ballistic Gun 3 | . 10 24 15 20 19 1 . . . . . . . . 8 12 10 13 13 3 2 2 . . . . . . . . . . . . . . . . Ballistic Cannon 2 | . . . . . . 4 . 6 18 15 15 15 10 8 3 . . . . . . . . . . . . . . . . . . . . . . . Piercing Weapon 1 | . . . . . . . . . . . . . . . . . . . . . . . . . . . 4 4 4 4 4 4 4 2 2 3 3 3 Naked Turns . | . . . . . . . . . . . . . . . . . . . . . . . . . . . . . . . . . . . . . . . Heaviest Build 113 | 11 10 19 24 25 25 60 60 62 49 51 76 76 76 59 53 52 64 58 43 10 10 26 26 9 9 42 40 36 36 28 34 50 32 37 29 58 101 113 Greatest Support 240 | 40 20 40 40 40 36 82 80 80 80 96 140 140 140 120 160 143 240 240 240 13 29 29 29 10 20 44 56 44 56 56 55 64 45 51 51 91 98 113 Greatest Overweight (x) 13 | . . . 2 1 3 1 . . . . 1 . . 5 . 6 . 13 . . . . 1 . . . . . . . . . . . . 1 1 1 Average Overweight (x) . | . . . . . . . . . . . . . . . . . . 4 . . . . . . . . . . . . . . . . . . . . Largest Inventory Capacity 17 | 5 5 5 5 5 5 5 5 5 5 5 5 5 5 5 5 5 5 5 5 5 5 5 5 5 5 5 5 5 5 5 5 7 7 12 12 17 17 12 Average Capacity 8 | 5 5 5 5 5 5 5 5 5 5 5 5 5 5 5 5 5 5 5 5 5 5 5 5 5 5 5 5 5 5 5 5 5 7 9 12 16 16 12 Most Carried 17 | 5 5 5 5 5 5 5 5 5 5 5 5 5 5 5 5 5 5 5 5 5 5 5 5 5 5 5 5 5 5 5 5 7 7 7 12 17 17 12 Average Carried 7 | 1 5 4 4 4 4 4 5 4 5 5 4 5 3 4 3 4 4 4 4 4 5 4 4 5 3 3 3 4 4 4 4 5 6 6 11 15 15 9 Final Capacity 17 | 5 5 5 5 5 5 5 5 5 5 5 5 5 5 5 5 5 5 5 5 5 5 5 5 5 5 5 5 5 5 5 5 7 7 12 12 17 12 12 Final Carried 15 | 5 5 5 5 5 5 5 5 5 5 5 5 5 3 5 2 5 5 5 4 5 5 5 5 5 4 5 4 4 4 4 5 5 7 7 12 15 11 4 Class Distribution -------------------- 37% | Scavenger-Mutant 19% | Mutant 18% | Botlord-Sprinter 16% | Botlord-Mutant Dominant Class ---------------- Mutant | -10/Materials Mutant | -10/Mines Mutant | -9/Materials Mutant | -9/Storage Scavenger-Mutant | -9/Garrison Scavenger-Mutant | -8/Materials Mutant | -8/Garrison Mutant | -8/Materials Mutant | -8/Garrison Mutant | -7/Factory Scavenger-Mutant | -7/Waste Scavenger-Mutant | -7/Factory Scavenger-Mutant | -7/Garrison Scavenger-Mutant | -6/Factory Scavenger-Mutant | -6/Garrison Scavenger-Mutant | -6/Extension Scavenger-Mutant | -6/Cetus Scavenger-Mutant | -6/Archives Scavenger-Mutant | -6/Hub_04(d) Hacker-Mutant | -5/Factory Botlord-Sprinter | -5/Garrison Bothacker-Sprinter | -4/Factory Botlord-Sprinter | -4/Garrison Botlord-Mutant | -4/Factory Botlord-Mutant | -4/Garrison Botlord-Sprinter | -3/Research Botlord-Sprinter | -3/Garrison Botlord-Sprinter | -3/Research Botlord-Sprinter | -3/Testing Botlord-Sprinter | -2/Research Botlord-Sprinter | -2/Quarantine Botlord-Sprinter | -2/Section 7 Botlord-Sprinter | -2/Garrison Botlord-Sprinter | -1/Access Botlord-Sprinter | -1/Garrison Botlord-Mutant | -1/Access Botlord-Mutant | -1/Command Scavenger-Sprinter | -1/Access_0 Resources | -11 -10 -10 -9 -9 -9 -8 -8 -8 -8 -7 -7 -7 -7 -6 -6 -6 -6 -6 -6 -5 -5 -4 -4 -4 -4 -3 -3 -3 -3 -2 -2 -2 -2 -1 -1 -1 -1 -1 ----------- Run | Scr Mat Min Mat Sto Gar Mat Gar Mat Gar Fac Was Fac Gar Fac Gar Ext Cet Arc Hub Fac Gar Fac Gar Fac Gar Res Gar Res Tes Res Qua Sec Gar Acc Gar Acc Com Ac0 Matter Collected 11375 | 412 . 133 533 229 223 731 28 200 51 168 372 107 505 208 551 352 372 303 305 . 198 50 135 . 144 491 359 270 80 68 198 515 194 390 310 265 873 1052 Remotely . | . . . . . . . . . . . . . . . . . . . . . . . . . . . . . . . . . . . . . . . Salvage Created 20504 | 238 . 178 1007 516 389 1612 190 405 56 202 445 172 312 108 642 484 842 496 795 . 325 84 182 . 337 646 230 1015 253 . 198 457 556 344 262 679 3128 2719 Parts 1093 | 22 . 9 60 36 35 88 13 21 7 7 4 7 14 . 31 25 28 31 56 . 10 3 7 . 19 28 8 35 8 . 11 18 17 8 19 43 187 178 Haulers Intercepted 28 | . . . 4 2 . 6 . 1 . . . . . . . . . . . . . . . . . . . 8 . . . 2 . 1 . 4 . . Recyclers Shooed 18 | . . . 4 2 . 1 . 1 . . . 1 . 2 . 1 . . 2 . . . . . . . . . . . . 1 . . . . 3 . Parts Field Recycled . | . . . . . . . . . . . . . . . . . . . . . . . . . . . . . . . . . . . . . . . Retrieved Matter . | . . . . . . . . . . . . . . . . . . . . . . . . . . . . . . . . . . . . . . . Parts Self-Destructed . | . . . . . . . . . . . . . . . . . . . . . . . . . . . . . . . . . . . . . . . Prevented . | . . . . . . . . . . . . . . . . . . . . . . . . . . . . . . . . . . . . . . . Kills | -11 -10 -10 -9 -9 -9 -8 -8 -8 -8 -7 -7 -7 -7 -6 -6 -6 -6 -6 -6 -5 -5 -4 -4 -4 -4 -3 -3 -3 -3 -2 -2 -2 -2 -1 -1 -1 -1 -1 ------- Run | Scr Mat Min Mat Sto Gar Mat Gar Mat Gar Fac Was Fac Gar Fac Gar Ext Cet Arc Hub Fac Gar Fac Gar Fac Gar Res Gar Res Tes Res Qua Sec Gar Acc Gar Acc Com Ac0 Combat Hostiles Destroyed 276 | . . 4 19 6 13 31 6 7 7 5 2 7 10 5 18 6 9 4 13 . 4 . 3 . 5 9 3 1 4 . 1 2 7 4 4 3 24 30 Melee 112 | . . . . . . 3 . . . 2 . 1 2 . 1 . . . 2 . 4 . 3 . 5 9 3 1 4 . 1 2 7 4 4 3 22 29 Guns 95 | . . 4 18 6 13 9 6 3 . . . . . . 7 6 8 4 11 . . . . . . . . . . . . . . . . . . . Cannons 58 | . . . 1 . . 13 . 2 7 3 2 6 8 5 10 . 1 . . . . . . . . . . . . . . . . . . . . . AOE 1 | . . . . . . . . 1 . . . . . . . . . . . . . . . . . . . . . . . . . . . . . . Classes Destroyed 19 | 3 . 1 6 . . 2 . . . . 2 . 3 1 . 1 . . . . . . . . . . . . . . . . . . . . . . Worker 15 | 2 . 1 2 1 . . . . . 1 . . . . . . . . 1 . . . . . . . . 1 . . . . . . . . 6 . Builder 5 | . . . 1 . . 1 . . . . . . . . . . . . 2 . . . . . . . . . . . . . . . . 1 . . Tunneler 10 | 8 . . 2 . . . . . . . . . . . . . . . . . . . . . . . . . . . . . . . . . . . Hauler 28 | . . . 4 2 . 6 . 1 . . . . . . . . . . . . . . . . . . . 8 . . . 2 . 1 . 4 . . Recycler 13 | 1 . . 2 2 . 1 . . . . . . . . . . . . . . . . . . . 1 . . . . . 1 . . . . 5 . Operator 7 | . . . . . . 1 . . . . . . . . . . . 5 . . . . . . . . . . . . . . . . . . 1 . Watcher 12 | . . . 1 1 . . . . . . . . . . . 2 1 . 2 . . 2 . . . . . . . . 1 . . 1 . 1 . . Swarmer 60 | . . . 6 3 4 10 4 . 7 . . . . . 7 . 3 . . . 3 . . . . 5 2 . 1 . . . 1 3 . . 1 . Grunt 90 | . . 4 7 . 9 13 2 2 . 4 . 6 4 2 7 2 4 . 6 . . . 1 . . 1 1 3 2 . 1 1 6 1 1 . . . Brawler 2 | . . . . . . 1 . . . . . . . . . . . . 1 . . . . . . . . . . . . . . . . . . . Duelist 3 | . . . 1 . . . . . . . . . 1 1 . . . . . . . . . . . . . . . . . . . . . . . . Protector 1 | . . . . . . . . . . . . . 1 . . . . . . . . . . . . . . . . . . . . . . . . . Sentry 45 | . . . 5 3 . 7 . 5 . 1 . 1 2 1 4 3 . 4 4 . . . . . 2 3 . . . . . . . . . . . . Demolisher 2 | . . . . . . . . . . . . . 1 . . . . . . . . . . . . . . . . . . . . . . . 1 . Hunter 3 | . . . . . . . . . . . . . . 1 . . . . . . 1 . . . . . . . 1 . . . . . . . . . Programmer 35 | . . . . . . . . . . . . . 1 . . . . . 2 . . . 2 . 3 . . . . . 1 1 . . 3 3 19 . Behemoth 2 | . . . . . . . . . . . . . . . . 1 . . . . . . . . . . 1 . . . . . . . . . . . Compactor 2 | . . . . . . . . . . . 2 . . . . . . . . . . . . . . . . . . . . . . . . . . . Cetus Guard 2 | . . . . . . . . . . . . . . . . . 2 . . . . . . . . . . . . . . . . . . . . . M Guard 2 | . . . . . . . . . . . . . . . . . . . . . . . . . . . . . . . . . . . . . 2 . Enhanced Grunt 18 | . . . . . . . . . . . . . . . . . . . . . . . . . . . . . . . . . . . . . . 18 Enhanced Sentry 1 | . . . . . . . . . . . . . . . . . . . . . . . . . . . . . . . . . . . . . . 1 Enhanced Hunter 6 | . . . . . . . . . . . . . . . . . . . . . . . . . . . . . . . . . . . . . . 6 Surgeon 2 | . . . . . . . . . . . 2 . . . . . . . . . . . . . . . . . . . . . . . . . . . Thug 5 | . . . . . . . . . . . 1 . . . . . 4 . . . . . . . . . . . . . . . . . . . . . Best Kill Streak 13 | 5 . 2 7 6 13 4 6 2 4 2 1 4 3 2 7 3 7 4 6 . 2 2 2 . 2 5 1 3 2 . 1 2 2 2 2 2 3 6 Combat Bots Only 13 | . . 2 5 3 13 4 6 2 4 2 1 4 3 2 7 2 7 2 2 . 2 . 2 . 2 5 1 1 2 . 1 1 2 2 2 2 3 6 Max Kills in Single Turn 2 | 1 . 1 2 2 2 1 2 1 1 1 1 1 1 1 1 1 1 1 1 . 1 1 1 . 1 1 1 1 1 . 1 1 1 1 1 1 1 1 Gunslinging 1 | . . . . . 1 . 1 . . . . . . . . . . . . . . . . . . . . . . . . . . . . . . . Exploded 1 | . . . . . . . . 1 . . . . . . . . . . . . . . . . . . . . . . . . . . . . . . Melee 1 | . . . . . . 1 . . . 1 . 1 1 . 1 . . . 1 . 1 . 1 . 1 1 1 1 1 . 1 1 1 1 1 1 1 1 Uniques/NPCs Destroyed 8 | . . . . . . . . . . . . . . . . . 1 . . . . . . . . . . . . . . . . . . . 2 5 A7 (-6/Cetus) MAIN.C Shell (-1/Command) MAIN.C (-1/Command) A8 (-1/Access_0) A6 (-1/Access_0) A5 (-1/Access_0) A4 (-1/Access_0) Architect (-1/Access_0) Combat | -11 -10 -10 -9 -9 -9 -8 -8 -8 -8 -7 -7 -7 -7 -6 -6 -6 -6 -6 -6 -5 -5 -4 -4 -4 -4 -3 -3 -3 -3 -2 -2 -2 -2 -1 -1 -1 -1 -1 -------- Run | Scr Mat Min Mat Sto Gar Mat Gar Mat Gar Fac Was Fac Gar Fac Gar Ext Cet Arc Hub Fac Gar Fac Gar Fac Gar Res Gar Res Tes Res Qua Sec Gar Acc Gar Acc Com Ac0 Damage Taken 35236 | . . 358 816 342 1014 1824 157 191 128 434 . 1051 1762 694 2087 744 1990 398 2682 . 306 . 954 189 588 843 480 187 71 82 112 424 129 225 260 62 2604 11048 Core 3768 | . . 23 84 23 128 193 32 . 12 47 . 28 214 17 103 20 191 . 188 . 102 . 284 64 90 139 43 21 24 28 47 . 38 90 22 3 237 1233 Absorbed by Shields 2383 | . . . . . . . . . . . . . 172 . 399 193 44 . . . 62 . 161 . 181 . . . . . . 8 . . 25 31 958 149 Reduced by Siege Mode 388 | . . . . . . . . . . . . 26 65 11 84 . 94 36 72 . . . . . . . . . . . . . . . . . . . Core Remaining (%) 63 | 100 . 90 . . 41 . . . 56 . . . 58 . . . . . 38 . 89 . . . 61 . . . 82 . . . 85 . . . . 2 Volleys Fired 879 | 34 1 22 72 26 32 115 6 18 10 12 22 24 29 31 60 24 36 30 48 . . . . . 1 10 18 12 14 2 10 14 16 21 18 11 39 41 Largest 2 | 2 1 2 2 2 2 2 2 2 2 2 2 2 2 1 2 2 2 2 2 . . . . . 1 1 1 1 1 1 1 1 1 1 1 1 1 1 Hottest 120 | 70 100 70 100 46 48 118 90 90 88 88 88 88 88 65 80 56 69 68 68 . . . . . 40 40 50 50 50 50 50 120 50 50 50 50 75 75 Shots Fired 1281 | 41 1 42 126 52 42 190 12 33 20 24 44 44 42 31 73 48 44 58 87 . . . . . 1 10 18 12 14 2 10 14 16 21 18 11 39 41 Gun 721 | 41 . 42 106 52 42 101 12 24 . . . . . 3 35 48 41 58 87 . . . . . . . . . . . . . . . . . 23 6 Cannon 359 | . . . 14 . . 89 . 9 20 24 44 44 42 28 38 . 3 . . . . . . . . . . . . . . 4 . . . . . . Launcher 35 | . . . . . . . . . . . . . . . . . . . . . . . . . . . . . . . . . . . . . . 35 Special 166 | . 1 . 6 . . . . . . . . . . . . . . . . . . . . . 1 10 18 12 14 2 10 10 16 21 18 11 16 . Kinetic 859 | 34 . 34 76 52 42 109 . 9 20 24 44 44 42 28 64 48 41 58 87 . . . . . . . . . . . . . . . . . 3 . Thermal 123 | 7 1 8 50 . . 41 . . . . . . . 3 9 . . . . . . . . . . . . . . . . 4 . . . . . . Explosive 35 | . . . . . . . . . . . . . . . . . . . . . . . . . . . . . . . . . . . . . . 35 Electromagnetic 105 | . . . . . . 40 12 24 . . . . . . . . 3 . . . . . . . . . . . . . . . . . . . 20 6 Robot Hit Streak 30 | 7 . 11 12 27 15 15 15 16 7 8 18 30 16 22 23 30 20 19 20 . . . . . 2 12 16 6 7 2 4 4 8 7 6 15 27 20 Robot Miss Streak 9 | 2 . 4 3 2 5 3 2 6 5 5 5 2 6 9 6 5 6 1 4 . . . . . . . 2 1 1 . 2 3 2 2 1 . 4 2 Penetration Max 1 | . . . . . . . . . . . . . . . . . . 1 1 . . . . . . . . . . . . . . . . . 1 . Secondary Targets 9 | . . 2 . . 2 1 1 . . . . . . . 1 . . . 2 . . . . . . . . . . . . . . . . . . . Max Gunslinging Chain 1 | . . 1 . . 1 1 1 . . . . . . . 1 . . . 1 . . . . . . . . . . . . . . . . . . . Shots Hit Robots 1645 | 28 . 27 86 38 32 166 12 30 19 24 40 40 46 28 70 47 64 49 54 . 20 7 13 . 18 23 21 29 14 1 12 12 24 32 27 32 153 307 Core Hits 983 | 12 . 12 44 17 19 64 13 23 14 18 31 42 47 38 84 58 57 29 31 . 6 3 3 . 7 10 5 12 4 . 3 5 7 7 6 12 66 174 Critical Hits 116 | 1 . . . 1 . 2 . 1 . . . . . . 1 . 4 8 9 . . . 1 . . 1 1 1 1 . . . 2 2 4 . 21 55 Critical Kills 39 | . . . . . . 2 . . . . . . . . 1 . 1 5 5 . . . . . . 1 . 1 1 . . . 1 1 1 . 7 12 Critical Parts Destroyed 51 | 1 . . . 1 . . . 1 . . . . . . . . 2 3 4 . . . 1 . . . 1 . . . . . 1 1 3 . 7 25 Melee Attacks 901 | . . . . 5 . 23 . 5 . . . . 6 . . . 23 . . 1 31 8 20 2 24 28 13 24 15 3 20 30 15 26 20 48 180 331 Impact 28 | . . . . 5 . 23 . . . . . . . . . . . . . . . . . . . . . . . . . . . . . . . . Slashing 109 | . . . . . . . . 5 . . . . . . . . 23 . . 1 18 7 12 2 16 25 . . . . . . . . . . . . Piercing 728 | . . . . . . . . . . . . . . . . . . . . . . . . . . 3 13 24 15 3 20 30 15 26 20 48 180 331 Sneak Attacks 119 | . . . . . . 1 . . . . . . . . . . 22 . . . 5 3 4 . . 6 7 14 4 . 2 5 11 10 4 6 15 . Combat Hostiles 45 | . . . . . . . . . . . . . . . . . . . . . 4 . 3 . . 4 4 2 4 . . 2 9 9 4 . . . Follow-up Attacks . | . . . . . . . . . . . . . . . . . . . . . . . . . . . . . . . . . . . . . . . Damage Inflicted 61436 | 348 . 264 1595 549 582 3042 205 679 188 402 1027 888 899 754 1445 1069 3002 1333 1778 . 1261 584 474 6 524 1232 1037 2808 423 . 461 948 1482 1706 1030 1637 10231 15543 Guns 10745 | 348 . 264 1377 549 582 963 205 374 . . . . . 48 583 1061 999 1329 1616 . . . . . . . . . . . . . . . . . 354 93 Cannons 6616 | . . . 137 . . 1478 . 157 188 338 1027 870 828 664 855 . 74 . . . . . . . . . . . . . . . . . . . . . Explosions 2685 | . . . 77 . . 23 . 141 . . . . . . . . . . 96 . . . . . . . . . . . . . . . . . . 2348 Melee 40933 | . . . . . . 445 . . . . . . . . . . 1902 . . . 1261 584 474 . 524 1232 1037 2808 423 . 461 948 1482 1706 1030 1637 9877 13102 Ramming 457 | . . . 4 . . 133 . 7 . 64 . 18 71 42 7 8 27 4 66 . . . . 6 . . . . . . . . . . . . . . Kinetic 14404 | 310 . 214 1187 549 582 1108 . 157 188 338 1027 870 828 664 1224 1061 999 1329 1616 . . . . . . . . . . . . . . . . . 153 . Thermal 1537 | 38 . 50 327 . . 719 . 141 . . . . . 48 214 . . . . . . . . . . . . . . . . . . . . . . . Explosive 2425 | . . . 77 . . . . . . . . . . . . . . . . . . . . . . . . . . . . . . . . . . 2348 Electromagnetic 1680 | . . . . . . 637 205 374 . . . . . . . . 74 . 96 . . . . . . . . . . . . . . . . . 201 93 Impact 445 | . . . . . . 445 . . . . . . . . . . . . . . . . . . . . . . . . . . . . . . . . Slashing 5588 | . . . . . . . . . . . . . . . . . 1902 . . . 1261 584 474 . 524 843 . . . . . . . . . . . . Piercing 34900 | . . . . . . . . . . . . . . . . . . . . . . . . . . 389 1037 2808 423 . 461 948 1482 1706 1030 1637 9877 13102 Highest Corruption 13 | . . . . . . . . . . . . . 3 . . . . . 13 2 2 . 2 2 2 . . 1 1 . 1 1 1 . . . . . Average Corruption 1 | . . . . . . . . . . . . . 3 . . . . . 1 2 2 . 1 2 2 . . 1 1 . 1 1 1 . . . . . Corruption Purged . | . . . . . . . . . . . . . . . . . . . . . . . . . . . . . . . . . . . . . . . Effects 39 | . . . . . . . . . . . . . 11 . . . . . 1 2 4 . 3 2 5 . . 3 3 . . 4 1 . . . . . Message Errors 13 | . . . . . . . . . . . . . 3 . . . . . 1 1 2 . . 1 1 . . 1 . . . 3 . . . . . . Matter Fused 4 | . . . . . . . . . . . . . 4 . . . . . . . . . . . . . . . . . . . . . . . . . Heat Flow Errors 5 | . . . . . . . . . . . . . 2 . . . . . . . 1 . . . 2 . . . . . . . . . . . . . Energy Discharges 6 | . . . . . . . . . . . . . 1 . . . . . . . . . 1 1 1 . . . 2 . . . . . . . . . Data Loss (minor) 11 | . . . . . . . . . . . . . 1 . . . . . . 1 1 . 2 . 1 . . 2 1 . . 1 1 . . . . . Overload Shots . | . . . . . . . . . . . . . . . . . . . . . . . . . . . . . . . . . . . . . . . Overflow Damage 3093 | . . . . . . 53 . 7 . . . . . 5 . . 365 . . . 169 123 21 . . 141 97 157 . . 36 113 184 166 12 178 1042 224 Projectiles 33 | . . . . . . 28 . . . . . . . 5 . . . . . . . . . . . . . . . . . . . . . . . . Explosions 95 | . . . . . . . . 7 . . . . . . . . . . . . . . . . . . . . . . . . . . . . . 88 Melee 2965 | . . . . . . 25 . . . . . . . . . . 365 . . . 169 123 21 . . 141 97 157 . . 36 113 184 166 12 178 1042 136 Knockbacks 131 | . . . . . . 12 . 3 8 12 9 31 21 9 25 . 1 . . . . . . . . . . . . . . . . . . . . . Impact 2 | . . . . . . 1 . . . . . . . . . . 1 . . . . . . . . . . . . . . . . . . . . . Kinetic 115 | . . . . . . 8 . 3 8 11 9 28 18 7 23 . . . . . . . . . . . . . . . . . . . . . . . Secondary 14 | . . . . . . 3 . . . 1 . 3 3 2 2 . . . . . . . . . . . . . . . . . . . . . . . Self-Inflicted Damage 326 | . . . 66 . . . . . . . . . 22 . . . . . 96 . . . . 3 . . . . . . . . . . . . . 139 Shots 7 | . . . 1 . . . . . . . . . . . . . . . 1 . . . . . . . . . . . . . . . . . . 5 Rammed 99 | . . . 2 . . 17 . 2 . 15 . 4 33 9 2 2 3 2 7 . . . . 1 . . . . . . . . . . . . . . Targets Rammed 113 | . . 1 2 . . 19 . 2 . 18 . 4 35 9 3 3 3 2 11 . . . . 1 . . . . . . . . . . . . . . Kicked . | . . . . . . . . . . . . . . . . . . . . . . . . . . . . . . . . . . . . . . . Crushed 14 | . . 1 . . . 2 . . . 3 . . 2 . 1 1 . . 4 . . . . . . . . . . . . . . . . . . . Highest Temperature 369 | 63 20 159 63 11 279 99 72 192 252 369 . 10 230 6 6 . 1 . . . 134 60 49 . 202 44 54 69 194 89 238 284 . . 74 . . . Average Temperature 60 | 32 10 64 17 4 132 30 35 82 112 165 . 3 68 6 2 . 1 . . . 50 23 17 . 86 17 20 20 41 28 53 101 . . 44 . . . Received Heat Transfer 5681 | . . 204 225 108 516 711 54 81 . 234 . 441 490 99 516 204 508 72 489 . . . 57 30 16 42 18 27 . 18 27 36 9 27 18 . 84 320 Effects 3 | . . . . . 1 . . . . 2 . . . . . . . . . . . . . . . . . . . . . . . . . . . . Shutdowns 1 | . . . . . . . . . . 1 . . . . . . . . . . . . . . . . . . . . . . . . . . . . Energy Bleed 2 | . . . . . 1 . . . . 1 . . . . . . . . . . . . . . . . . . . . . . . . . . . . Siege Activations 24 | . . . . . . . . . . . . 3 3 4 3 . 1 4 6 . . . . . . . . . . . . . . . . . . . Total Turns 518 | . . . . . . . . . . . . 59 104 52 85 . 49 93 76 . . . . . . . . . . . . . . . . . . . Longest Duration 78 | . . . . . . . . . . . . 24 78 20 50 . 49 46 17 . . . . . . . . . . . . . . . . . . . Robots Corrupted 7 | . . . . . . 3 . 1 . . . . . . . . . . . . . . . . . . . . . . . . . . . . 2 1 Combat Hostiles 7 | . . . . . . 3 . 1 . . . . . . . . . . . . . . . . . . . . . . . . . . . . 2 1 Parts Fried 25 | . . . . . . 9 2 6 . . . . . . . . 1 . . . . . . . . . . . . . . . . . . . . 7 Impact Corruptions 4 | . . . . . . 4 . . . . . . . . . . . . . . . . . . . . . . . . . . . . . . . . Robots Melted . | . . . . . . . . . . . . . . . . . . . . . . . . . . . . . . . . . . . . . . . Combat Hostiles . | . . . . . . . . . . . . . . . . . . . . . . . . . . . . . . . . . . . . . . . Parts Melted 3 | . . . 1 . . . . . . . . . . . . 1 1 . . . . . . . . . . . . . . . . . . . . . Heat Transferred 2864 | 111 . 148 703 . . 1308 . 150 . . . . . 111 333 . . . . . . . . . . . . . . . . . . . . . . . Parts Sabotaged . | . . . . . . . . . . . . . . . . . . . . . . . . . . . . . . . . . . . . . . . Parts Stolen . | . . . . . . . . . . . . . . . . . . . . . . . . . . . . . . . . . . . . . . . Parts Stripped . | . . . . . . . . . . . . . . . . . . . . . . . . . . . . . . . . . . . . . . . Power Chain Reactions 3 | . . . . . . 1 . 2 . . . . . . . . . . . . . . . . . . . . . . . . . . . . . . Missiles Intercepted 5 | . . . . . . . . . . . . . . . . . . . . . . . . . . . . . . . . . . . . . 5 . Alert | -11 -10 -10 -9 -9 -9 -8 -8 -8 -8 -7 -7 -7 -7 -6 -6 -6 -6 -6 -6 -5 -5 -4 -4 -4 -4 -3 -3 -3 -3 -2 -2 -2 -2 -1 -1 -1 -1 -1 ------- Run | Scr Mat Min Mat Sto Gar Mat Gar Mat Gar Fac Was Fac Gar Fac Gar Ext Cet Arc Hub Fac Gar Fac Gar Fac Gar Res Gar Res Tes Res Qua Sec Gar Acc Gar Acc Com Ac0 Peak Influence 798 | 55 41 110 544 460 644 617 521 434 331 258 59 210 368 356 523 414 782 478 385 262 364 265 186 175 318 420 230 392 798 446 501 516 570 509 469 371 415 . Initial 391 | . 35 15 . 180 299 313 391 253 166 173 41 . 147 182 108 274 174 280 44 149 183 191 101 79 113 171 113 129 26 360 263 281 387 341 324 280 137 . Average 265 | 28 40 65 300 333 483 461 460 253 272 173 10 123 304 210 395 290 415 341 147 195 248 216 141 124 245 247 135 222 484 407 399 284 496 389 404 227 143 . Maximum Alert Level 3 | . . . 2 2 2 2 2 2 1 1 . 1 1 1 2 2 3 2 1 1 1 1 . . 1 2 1 1 3 2 2 2 2 2 2 1 2 . Low Security (%) 36 | 100 100 100 19 12 . . . 15 17 66 100 90 9 59 16 1 9 2 73 58 20 31 100 100 17 35 81 39 28 . . 18 . . . 36 56 . Level 1 46 | . . . 54 52 25 33 42 78 82 33 . 9 90 40 30 97 53 65 26 41 79 68 . . 82 59 18 60 9 32 50 65 8 64 51 63 41 . Level 2 16 | . . . 25 35 74 66 57 5 . . . . . . 53 . 18 32 . . . . . . . 4 . . 37 67 49 16 91 35 48 . 2 . Level 3 . | . . . . . . . . . . . . . . . . . 18 . . . . . . . . . . . 24 . . . . . . . . . Level 4 . | . . . . . . . . . . . . . . . . . . . . . . . . . . . . . . . . . . . . . . . Level 5 . | . . . . . . . . . . . . . . . . . . . . . . . . . . . . . . . . . . . . . . . High Security . | . . . . . . . . . . . . . . . . . . . . . . . . . . . . . . . . . . . . . . . Max Security . | . . . . . . . . . . . . . . . . . . . . . . . . . . . . . . . . . . . . . . . Squads Dispatched 76 | . . . 3 . . 6 . 2 . 1 . 5 . 2 . 1 . . 3 1 . 1 . 2 . 6 . 11 5 . 2 5 . 7 . 4 9 . Investigation 21 | . . . 2 . . 1 . . . 1 . 1 . . . . . . . 1 . 1 . 1 . 5 . 3 1 . . 2 . 1 . 1 . . Extermination 15 | . . . . . . . . . . . . . . . . . . . 2 . . . . . . . . 2 . . 1 1 . 1 . 1 7 . Reinforcement 23 | . . . 1 . . 5 . 2 . . . 1 . . . 1 . . . . . . . 1 . 1 . 1 3 . 1 2 . 2 . . 2 . Assault 6 | . . . . . . . . . . . . . . . . . . . 1 . . . . . . . . 2 1 . . . . . . 2 . . Garrison 11 | . . . . . . . . . . . . 3 . 2 . . . . . . . . . . . . . 3 . . . . . 3 . . . . Intercept . | . . . . . . . . . . . . . . . . . . . . . . . . . . . . . . . . . . . . . . . Construction Impeded 1 | . . . . . . . . . . . . 1 . . . . . . . . . . . . . . . . . . . . . . . . . . Haulers Reinforced 1 | . . . . . . . . . . . . . . . . . . . . . . . . . . . . . . . . . . 1 . . . . Alert ID Control Effect 128 | . . . . . . . . . . . . . 1 . . . . . . . 2 . 3 . 1 2 6 12 12 1 1 1 5 18 12 8 43 . Stealth | -11 -10 -10 -9 -9 -9 -8 -8 -8 -8 -7 -7 -7 -7 -6 -6 -6 -6 -6 -6 -5 -5 -4 -4 -4 -4 -3 -3 -3 -3 -2 -2 -2 -2 -1 -1 -1 -1 -1 --------- Run | Scr Mat Min Mat Sto Gar Mat Gar Mat Gar Fac Was Fac Gar Fac Gar Ext Cet Arc Hub Fac Gar Fac Gar Fac Gar Res Gar Res Tes Res Qua Sec Gar Acc Gar Acc Com Ac0 Distress Signals 56 | . . . 2 1 . 2 . 2 . 1 . . . 1 . 2 2 . 2 . . . . 1 . 3 . 9 1 1 1 3 . 2 . 3 17 . Communications Jammed . | . . . . . . . . . . . . . . . . . . . . . . . . . . . . . . . . . . . . . . . Distress Signals . | . . . . . . . . . . . . . . . . . . . . . . . . . . . . . . . . . . . . . . . Times Spotted 864 | . . 4 32 10 14 62 6 11 7 10 2 12 27 13 21 17 23 24 45 5 12 3 18 10 21 29 35 21 20 11 17 55 25 31 33 23 99 56 Peak Tracking Total 42 | . . 2 5 3 8 7 5 2 4 5 1 4 5 5 7 4 5 2 20 6 4 1 6 7 6 7 9 4 6 7 7 15 8 6 12 4 42 4 Tactical Retreats 84 | . . . 4 . 1 8 . 1 . . . 1 6 . 2 . 1 . 2 1 . . 4 1 4 . 2 2 3 2 1 10 2 4 3 2 14 3 Traps | -11 -10 -10 -9 -9 -9 -8 -8 -8 -8 -7 -7 -7 -7 -6 -6 -6 -6 -6 -6 -5 -5 -4 -4 -4 -4 -3 -3 -3 -3 -2 -2 -2 -2 -1 -1 -1 -1 -1 ------- Run | Scr Mat Min Mat Sto Gar Mat Gar Mat Gar Fac Was Fac Gar Fac Gar Ext Cet Arc Hub Fac Gar Fac Gar Fac Gar Res Gar Res Tes Res Qua Sec Gar Acc Gar Acc Com Ac0 Traps Triggered 49 | . . . 1 . . 2 . . . 1 . 1 1 1 . 1 . . 1 . 3 . 5 . 4 1 6 . . . . 1 2 . 1 2 15 . Indirectly . | . . . . . . . . . . . . . . . . . . . . . . . . . . . . . . . . . . . . . . . Trap Hack Attempts 13 | . . . . . . . . . . . . . . . . . . . . . . 13 . . . . . . . . . . . . . . . . Triggered . | . . . . . . . . . . . . . . . . . . . . . . . . . . . . . . . . . . . . . . . Disarmed 1 | . . . . . . . . . . . . . . . . . . . . . . 1 . . . . . . . . . . . . . . . . Reprogrammed . | . . . . . . . . . . . . . . . . . . . . . . . . . . . . . . . . . . . . . . . Reused . | . . . . . . . . . . . . . . . . . . . . . . . . . . . . . . . . . . . . . . . Traps Extracted . | . . . . . . . . . . . . . . . . . . . . . . . . . . . . . . . . . . . . . . . Installed . | . . . . . . . . . . . . . . . . . . . . . . . . . . . . . . . . . . . . . . . Triggered . | . . . . . . . . . . . . . . . . . . . . . . . . . . . . . . . . . . . . . . . Machines | -11 -10 -10 -9 -9 -9 -8 -8 -8 -8 -7 -7 -7 -7 -6 -6 -6 -6 -6 -6 -5 -5 -4 -4 -4 -4 -3 -3 -3 -3 -2 -2 -2 -2 -1 -1 -1 -1 -1 ---------- Run | Scr Mat Min Mat Sto Gar Mat Gar Mat Gar Fac Was Fac Gar Fac Gar Ext Cet Arc Hub Fac Gar Fac Gar Fac Gar Res Gar Res Tes Res Qua Sec Gar Acc Gar Acc Com Ac0 Machines Disabled 87 | . . . 3 2 . 1 . 1 . . . . 1 . . 2 4 3 13 . 2 . 1 . 2 1 4 1 8 . 4 10 4 3 4 2 2 9 Max in Single Turn 7 | . . . 3 1 . 1 . 1 . . . . 1 . . . . 1 7 . 1 . 1 . 1 1 1 . 1 . 1 1 1 1 1 1 1 1 Garrison Access 6 | . . . . . . . . . . . . . . 1 . . . . 1 . . . . . . 1 . . 1 . . . . . . 2 . . Garrison Relay 17 | . . . . . . . . . . . . . 1 . . . . . . . 2 . 1 . 2 . 4 . . . . . 3 . 4 . . . Network Hub 2 | . . . . . . . . . . . . . . . . . . . 2 . . . . . . . . . . . . . . . . . . . Machines Sabotaged . | . . . . . . . . . . . . . . . . . . . . . . . . . . . . . . . . . . . . . . . Garrisons Compromised . | . . . . . . . . . . . . . . . . . . . . . . . . . . . . . . . . . . . . . . . Overloaded Fab Kills . | . . . . . . . . . . . . . . . . . . . . . . . . . . . . . . . . . . . . . . . Fab Network Shutdowns . | . . . . . . . . . . . . . . . . . . . . . . . . . . . . . . . . . . . . . . . Hacking | -11 -10 -10 -9 -9 -9 -8 -8 -8 -8 -7 -7 -7 -7 -6 -6 -6 -6 -6 -6 -5 -5 -4 -4 -4 -4 -3 -3 -3 -3 -2 -2 -2 -2 -1 -1 -1 -1 -1 --------- Run | Scr Mat Min Mat Sto Gar Mat Gar Mat Gar Fac Was Fac Gar Fac Gar Ext Cet Arc Hub Fac Gar Fac Gar Fac Gar Res Gar Res Tes Res Qua Sec Gar Acc Gar Acc Com Ac0 Machines Accessed 133 | . 2 1 6 3 . 7 . 5 . 1 . 1 . 5 . 1 . . 6 5 . 6 . 2 . 14 . 20 10 2 10 13 . 9 . . 4 . Terminals 89 | . 2 . 5 2 . 4 . 3 . . . . . 2 . 1 . . 6 2 . 4 . . . 11 . 15 7 1 6 10 . 4 . . 4 . Fabricators 3 | . . . . . . . . . . 1 . . . . . . . . . . . . . . . . . 1 . . . . . 1 . . . . Repair Stations 8 | . . . . . . . . . . . . . . . . . . . . 1 . . . 1 . 1 . 1 1 . 2 . . 1 . . . . Recycling Units 5 | . . . 1 . . 1 . . . . . . . 1 . . . . . 1 . . . . . . . . . 1 . . . . . . . . Scanalyzers 10 | . . . . . . 1 . 1 . . . . . . . . . . . . . 1 . . . . . 1 1 . 2 2 . 1 . . . . Garrison Access 17 | . . . . 1 . 1 . 1 . . . 1 . 2 . . . . . 1 . 1 . 1 . 2 . 2 1 . . 1 . 2 . . . . Total Hacks 445 | . 8 1 20 6 . 15 . 20 . 2 . 1 . 10 . 3 . . 30 26 . 20 . 9 . 46 . 83 41 5 33 39 . 21 . . 6 . Successful 207 | . 4 1 9 4 . 10 . 7 . . . 1 . 4 . 1 . . 19 13 . 11 . 4 . 21 . 37 23 1 13 16 . 7 . . 1 . Failed 238 | . 4 . 11 2 . 5 . 13 . 2 . . . 6 . 2 . . 11 13 . 9 . 5 . 25 . 46 18 4 20 23 . 14 . . 5 . Catastrophic 43 | . 1 . . . . . . 2 . 1 . . . 1 . . . . 2 2 . . . . . 5 . 8 1 2 3 8 . 6 . . 1 . Database Lockouts . | . . . . . . . . . . . . . . . . . . . . . . . . . . . . . . . . . . . . . . . Manual 161 | . 5 . 13 3 . 6 . 15 . . . . . 5 . . 1 . 20 7 . 9 . 3 . 14 . 29 5 . 8 5 . 9 . . 4 . Terminals 323 | . 8 . 19 5 . 9 . 15 . . . . . 5 . 3 . . 30 17 . 13 . . . 38 . 65 28 3 23 28 . 8 . . 6 . Fabricators 7 | . . . . . . . . . . 2 . . . . . . . . . . . . . . . . . 3 . . . . . 2 . . . . Repair Stations 22 | . . . . . . . . . . . . . . . . . . . . 2 . . . 4 . 4 . 4 2 . 4 . . 2 . . . . Recycling Units 13 | . . . 1 . . 3 . . . . . . . 3 . . . . . 4 . . . . . . . . . 2 . . . . . . . . Scanalyzers 33 | . . . . . . 1 . 1 . . . . . . . . . . . . . 2 . . . . . 4 8 . 6 10 . 1 . . . . Garrison Access 46 | . . . . 1 . 2 . 4 . . . 1 . 2 . . . . . 3 . 5 . 5 . 4 . 7 3 . . 1 . 8 . . . . Terminal Hacks 105 | . 2 1 8 1 . 5 . 4 . . . . . 1 . 1 . . 15 4 . 4 . . . 14 . 18 11 . 7 7 . 1 . . 1 . Record 1 | . . . . . . . . . . . . . . . . . . . 1 . . . . . . . . . . . . . . . . . . . Part Schematic 2 | . . . . . . . . . . . . . . . . . . . . . . . . . . 1 . 1 . . . . . . . . . . Robot Analysis 3 | . . . . . . . . . . . . . . . . . . . . . . . . . . . . 3 . . . . . . . . . . Prototype ID Bank 17 | . 1 . . . . 1 . . . . . . . . . . . . 1 1 . . . . . 1 . 4 5 . 3 . . . . . . . Open Door 9 | . . 1 . . . . . . . . . . . . . 1 . . . . . . . . . . . . . . 1 4 . 1 . . 1 . Level Access Points 3 | . . . . . . . . . . . . . . . . . . . 1 . . . . . . 1 . 1 . . . . . . . . . . Branch Access Points 5 | . . . 1 . . . . . . . . . . 1 . . . . . . . 1 . . . 1 . 1 . . . . . . . . . . Emergency Access Points 3 | . . . . . . . . . . . . . . . . . . . . . . . . . . . . 1 1 . . 1 . . . . . . Machine Index 3 | . . . . . . . . . . . . . . . . . . . . 1 . . . . . . . 1 1 . . . . . . . . . Terminal Index 2 | . . . . . . . . . . . . . . . . . . . 1 . . . . . . 1 . . . . . . . . . . . . Garrison Index 3 | . . . . . . . . . . . . . . . . . . . 1 . . . . . . 2 . . . . . . . . . . . . Alert Level 1 | . . . 1 . . . . . . . . . . . . . . . . . . . . . . . . . . . . . . . . . . . Unreport Threat 14 | . . . 1 . . 3 . . . . . . . . . . . . 3 . . 1 . . . 4 . . . . . 2 . . . . . . Locate Traps 12 | . . . 1 1 . . . 1 . . . . . . . . . . 1 2 . . . . . 1 . 2 2 . 1 . . . . . . . Dispatch Records 1 | . . . . . . . . . . . . . . . . . . . 1 . . . . . . . . . . . . . . . . . . . Patrol Status 4 | . . . . . . . . . . . . . . . . . . . 1 . . 1 . . . 1 . . . . 1 . . . . . . . Transport Status 1 | . . . 1 . . . . . . . . . . . . . . . . . . . . . . . . . . . . . . . . . . . Reinforcement Status 1 | . . . . . . . . 1 . . . . . . . . . . . . . . . . . . . . . . . . . . . . . . Recall Investigation 1 | . . . . . . . . . . . . . . . . . . . . . . 1 . . . . . . . . . . . . . . . . Hauler Manifests 3 | . . . 1 . . . . . . . . . . . . . . . 1 . . . . . . . . 1 . . . . . . . . . . Registered Prototypes 1 | . . . . . . . . . . . . . . . . . . . . . . . . . . . . 1 . . . . . . . . . . Zone Layout 13 | . 1 . 2 . . 1 . 2 . . . . . . . . . . 3 . . . . . . 1 . 2 . . 1 . . . . . . . Protovariant Controls 2 | . . . . . . . . . . . . . . . . . . . . . . . . . . . . . 2 . . . . . . . . . Fabricator Hacks 2 | . . . . . . . . . . . . . . . . . . . . . . . . . . . . 2 . . . . . . . . . . Load Schematic 1 | . . . . . . . . . . . . . . . . . . . . . . . . . . . . 1 . . . . . . . . . . Build 1 | . . . . . . . . . . . . . . . . . . . . . . . . . . . . 1 . . . . . . . . . . Repair Station Hacks 6 | . . . . . . . . . . . . . . . . . . . . 1 . . . 1 . 1 . 1 1 . 1 . . . . . . . Refit 6 | . . . . . . . . . . . . . . . . . . . . 1 . . . 1 . 1 . 1 1 . 1 . . . . . . . Recycling Unit Hacks 5 | . . . . . . 1 . . . . . . . . . . . . . 3 . . . . . . . . . 1 . . . . . . . . Process 1 | . . . . . . . . . . . . . . . . . . . . 1 . . . . . . . . . . . . . . . . . . Report Inventory 2 | . . . . . . 1 . . . . . . . . . . . . . 1 . . . . . . . . . . . . . . . . . . Retrieve Matter 1 | . . . . . . . . . . . . . . . . . . . . 1 . . . . . . . . . . . . . . . . . . Retrieve Components 1 | . . . . . . . . . . . . . . . . . . . . . . . . . . . . . . 1 . . . . . . . . Scanalyzer 19 | . . . . . . 1 . 1 . . . . . . . . . . . . . 2 . . . . . 3 6 . 1 4 . 1 . . . . Insert Component 13 | . . . . . . 1 . 1 . . . . . . . . . . . . . 1 . . . . . 2 2 . 1 4 . 1 . . . . Analyze 6 | . . . . . . . . . . . . . . . . . . . . . . 1 . . . . . 1 4 . . . . . . . . . Garrison Access Hacks 25 | . . . . 1 . 2 . 2 . . . 1 . 2 . . . . . 2 . 2 . 2 . 1 . 3 2 . . 1 . 4 . . . . Unlock Access 15 | . . . . 1 . 1 . 1 . . . 1 . 1 . . . . . 1 . 1 . 1 . 1 . 2 1 . . 1 . 2 . . . . Seal Access 1 | . . . . . . . . . . . . . . 1 . . . . . . . . . . . . . . . . . . . . . . . . Coupler Status 9 | . . . . . . 1 . 1 . . . . . . . . . . . 1 . 1 . 1 . . . 1 1 . . . . 2 . . . . Unauthorized Hacks 45 | . 2 . 1 2 . 1 . . . . . . . 1 . . . . 4 3 . 3 . 1 . 5 . 10 3 . 4 4 . 1 . . . . Terminals 32 | . 2 . . 2 . . . . . . . . . 1 . . . . 4 2 . 1 . . . 3 . 7 2 . 4 4 . . . . . . Track 1 | . . . . . . . . . . . . . . . . . . . 1 . . . . . . . . . . . . . . . . . . . Assimilate 7 | . . . . . . . . . . . . . . . . . . . . . . 1 . . . . . 2 . . 1 3 . . . . . . Botnet 20 | . 1 . . 2 . . . . . . . . . 1 . . . . 2 1 . . . . . 3 . 4 2 . 3 1 . . . . . . Operators 4 | . 1 . . . . . . . . . . . . . . . . . 1 1 . . . . . . . 1 . . . . . . . . . . Fabricators . | . . . . . . . . . . . . . . . . . . . . . . . . . . . . . . . . . . . . . . . Repair Stations . | . . . . . . . . . . . . . . . . . . . . . . . . . . . . . . . . . . . . . . . Recycling Units 2 | . . . 1 . . 1 . . . . . . . . . . . . . . . . . . . . . . . . . . . . . . . . Mask 2 | . . . 1 . . 1 . . . . . . . . . . . . . . . . . . . . . . . . . . . . . . . . Scanalyzers . | . . . . . . . . . . . . . . . . . . . . . . . . . . . . . . . . . . . . . . . Garrison Access 11 | . . . . . . . . . . . . . . . . . . . . 1 . 2 . 1 . 2 . 3 1 . . . . 1 . . . . Broadcast 1 | . . . . . . . . . . . . . . . . . . . . . . . . . . . . 1 . . . . . . . . . . Reprogram 1 | . . . . . . . . . . . . . . . . . . . . . . 1 . . . . . . . . . . . . . . . . Watchers 1 | . . . . . . . . . . . . . . . . . . . . . . . . . . . . 1 . . . . . . . . . . Eject 8 | . . . . . . . . . . . . . . . . . . . . 1 . 1 . 1 . 2 . 1 1 . . . . 1 . . . . Data Cores Recovered . | . . . . . . . . . . . . . . . . . . . . . . . . . . . . . . . . . . . . . . . Used . | . . . . . . . . . . . . . . . . . . . . . . . . . . . . . . . . . . . . . . . Hacking Detections 99 | . 2 . 5 2 . 6 . 4 . 1 . 1 . 2 . 1 . . 5 3 . 4 . 1 . 12 . 15 7 1 7 9 . 8 . . 3 . Full Trace Events 7 | . . . 1 . . . . . . 1 . . . . . . . . . . . . . . . 2 . 1 . . . 2 . . . . . . Feedback Events 1 | . . . . . . . . . . . . . . . . . . . . . . . . . . . . 1 . . . . . . . . . . Corruption 1 | . . . . . . . . . . . . . . . . . . . . . . . . . . . . 1 . . . . . . . . . . Feedback Blocked . | . . . . . . . . . . . . . . . . . . . . . . . . . . . . . . . . . . . . . . . Robot Schematics Acquired . | . . . . . . . . . . . . . . . . . . . . . . . . . . . . . . . . . . . . . . . Robots Built . | . . . . . . . . . . . . . . . . . . . . . . . . . . . . . . . . . . . . . . . Matter . | . . . . . . . . . . . . . . . . . . . . . . . . . . . . . . . . . . . . . . . Time . | . . . . . . . . . . . . . . . . . . . . . . . . . . . . . . . . . . . . . . . Total Robot Build Rating . | . . . . . . . . . . . . . . . . . . . . . . . . . . . . . . . . . . . . . . . Part Schematics Acquired 5 | . . . . . . . . . . . . . . . . . . . . . . 1 . . . 1 . 2 1 . . . . . . . . . Parts Built 1 | . . . . . . . . . . . . . . . . . . . . . . . . . . . . 1 . . . . . . . . . . Matter 384 | . . . . . . . . . . . . . . . . . . . . . . . . . . . . 384 . . . . . . . . . . Time 102 | . . . . . . . . . . . . . . . . . . . . . . . . . . . . 102 . . . . . . . . . . Total Part Build Rating 8 | . . . . . . . . . . . . . . . . . . . . . . . . . . . . 8 . . . . . . . . . . Parts Repaired . | . . . . . . . . . . . . . . . . . . . . . . . . . . . . . . . . . . . . . . . Time . | . . . . . . . . . . . . . . . . . . . . . . . . . . . . . . . . . . . . . . . Parts Recycled . | . . . . . . . . . . . . . . . . . . . . . . . . . . . . . . . . . . . . . . . Recycled Matter 51 | . . . . . . . . . . . . . . . . . . . . 51 . . . . . . . . . . . . . . . . . . Retrieved Matter 51 | . . . . . . . . . . . . . . . . . . . . 51 . . . . . . . . . . . . . . . . . . Retrieved Components 2 | . . . . . . . . . . . . . . . . . . . . . . . . . . . . . . 2 . . . . . . . . Parts Scanalyzed 4 | . . . . . . . . . . . . . . . . . . . . . . 1 . . . . . 1 2 . . . . . . . . . Part Schematics Acquired 3 | . . . . . . . . . . . . . . . . . . . . . . 1 . . . . . 1 1 . . . . . . . . . Parts Damaged . | . . . . . . . . . . . . . . . . . . . . . . . . . . . . . . . . . . . . . . . Bothacking | -11 -10 -10 -9 -9 -9 -8 -8 -8 -8 -7 -7 -7 -7 -6 -6 -6 -6 -6 -6 -5 -5 -4 -4 -4 -4 -3 -3 -3 -3 -2 -2 -2 -2 -1 -1 -1 -1 -1 ------------ Run | Scr Mat Min Mat Sto Gar Mat Gar Mat Gar Fac Was Fac Gar Fac Gar Ext Cet Arc Hub Fac Gar Fac Gar Fac Gar Res Gar Res Tes Res Qua Sec Gar Acc Gar Acc Com Ac0 Used RIF Installer 11 | . . . . . 1 . 1 . 1 . . . 1 . 1 . . . . . 1 . 1 . 1 . 1 . . . . . 1 . 1 . . . Coupler Efficiency 2 | . . . . . . . . . . . . . . . . . . . . . . . . . . . . . . . . . 1 . 1 . . . Robot Detection 1 | . . . . . . . . . . . . . . . . . . . . . 1 . . . . . . . . . . . . . . . . . Watcher Feeds 1 | . . . . . . . . . . . . . 1 . . . . . . . . . . . . . . . . . . . . . . . . . Alert ID Control 1 | . . . . . . . 1 . . . . . . . . . . . . . . . . . . . . . . . . . . . . . . . Structural Interface 1 | . . . . . . . . . 1 . . . . . . . . . . . . . . . . . . . . . . . . . . . . . Program Shield 1 | . . . . . . . . . . . . . . . . . . . . . . . . . . . 1 . . . . . . . . . . . Autoassimilate 2 | . . . . . . . . . . . . . . . 1 . . . . . . . 1 . . . . . . . . . . . . . . . Crosswire 1 | . . . . . . . . . . . . . . . . . . . . . . . . . 1 . . . . . . . . . . . . . Robots Hacked 296 | . . . . . . . . . . . . . 4 . . . . . . . 6 1 5 . 6 14 30 15 16 4 10 18 23 16 26 26 76 . Non-combat 24 | . . . . . . . . . . . . . . . . . . . . . . 1 . . . 4 . . . 1 1 . . 5 . 6 6 . Combat 272 | . . . . . . . . . . . . . 4 . . . . . . . 6 . 5 . 6 10 30 15 16 3 9 18 23 11 26 20 70 . Autoassimilated 172 | . . . . . . . . . . . . . . . . . . . . . . . . . 1 5 17 6 7 2 5 14 11 6 16 20 62 . Robot Hacks Applied 138 | . . . . . . . . . . . . . 5 . . . . . . . 7 1 6 . 5 10 13 10 10 2 5 5 13 14 10 7 15 . drop_inventory 13 | . . . . . . . . . . . . . . . . . . . . . . 1 . . . 4 . . . 1 . . . 3 . 4 . . locate_stockpiles 3 | . . . . . . . . . . . . . . . . . . . . . . . . . . 1 . . . . . . . 1 . 1 . . purge_threat 3 | . . . . . . . . . . . . . . . . . . . . . . . . . . . . . . . . . . 1 . 1 1 . map_route 1 | . . . . . . . . . . . . . . . . . . . . . . . . . . . . . . . . . . . . 1 . . disrupt_area 1 | . . . . . . . . . . . . . . . . . . . . . . . . . . . . . . . . . 1 . . . . . overload_power 1 | . . . . . . . . . . . . . 1 . . . . . . . . . . . . . . . . . . . . . . . . . amplify_resonance 6 | . . . . . . . . . . . . . . . . . . . . . . . . . . . 2 1 . . . . 2 1 . . . . wipe_record 21 | . . . . . . . . . . . . . 1 . . . . . . . 1 . . . . 3 2 . 2 . . 1 5 4 2 . . . reboot_system 3 | . . . . . . . . . . . . . . . . . . . . . . . . . . . . . 1 . . 1 . . 1 . . . overwrite_iff 48 | . . . . . . . . . . . . . 1 . . . . . . . 6 . 5 . 2 2 7 4 7 1 3 3 2 2 3 . . . streamctrl_high 3 | . . . . . . . . . . . . . 1 . . . . . . . . . 1 . . . . . . . . . . . . . 1 . formatsys_low 5 | . . . . . . . . . . . . . . . . . . . . . . . . . . . . . . . . . . 2 . . 3 . formatsys_high 30 | . . . . . . . . . . . . . 1 . . . . . . . . . . . 3 . 2 5 . . 2 . 3 . 4 . 10 . Relay Couplers Released 110 | . . . . . . . . . . . . . 4 . . . . . 3 4 8 4 4 4 7 6 16 9 3 . . . 14 4 14 6 . . Ejected 28 | . . . . . . . . . . . . . . . . . . . . 4 . 4 . 4 . 6 . 3 3 . . . . 4 . . . . Machine Destruction 76 | . . . . . . . . . . . . . 4 . . . . . 3 . 8 . 4 . 7 . 16 . . . . . 14 . 14 6 . . Programmers 6 | . . . . . . . . . . . . . . . . . . . . . . . . . . . . 6 . . . . . . . . . . Attached 77 | . . . . . . . . . . . . . 4 . . . . . . 3 6 2 3 2 5 5 13 3 3 . . . 10 5 7 2 4 . Crosswired 28 | . . . . . . . . . . . . . . . . . . . . . . . . . 3 4 7 2 1 . . . 4 1 3 3 . . Robots Rewired 11 | . . . . . . . . . . . . . . . . 11 . . . . . . . . . . . . . . . . . . . . . . Allies Hacked 4 | . . . . . . . . . . . . . . . . . . . . . . . 2 . . . . . . . . . . . . . 2 . Hacks Repelled . | . . . . . . . . . . . . . . . . . . . . . . . . . . . . . . . . . . . . . . . Allies | -11 -10 -10 -9 -9 -9 -8 -8 -8 -8 -7 -7 -7 -7 -6 -6 -6 -6 -6 -6 -5 -5 -4 -4 -4 -4 -3 -3 -3 -3 -2 -2 -2 -2 -1 -1 -1 -1 -1 -------- Run | Scr Mat Min Mat Sto Gar Mat Gar Mat Gar Fac Was Fac Gar Fac Gar Ext Cet Arc Hub Fac Gar Fac Gar Fac Gar Res Gar Res Tes Res Qua Sec Gar Acc Gar Acc Com Ac0 Total Allies 301 | . . . . . . . . . . . 19 . 2 . . 12 5 . . . 6 1 5 . 6 7 26 20 13 3 11 20 16 10 23 20 76 . Largest Group 42 | . . . . . . . . . . . 19 . 1 . . 9 8 . . . 2 1 2 . 2 5 9 10 9 1 4 5 9 5 7 13 42 . Highest-Rated Group 1848 | . . . . . . . . . . . 477 . 21 . . 404 475 . . . 24 10 57 . 91 269 387 454 434 58 232 290 573 396 560 686 1848 . Highest-Rated Ally 222 | . . . . . . . . . . . 35 . 21 . . 156 156 . . . 12 10 47 . 49 64 64 64 64 58 58 58 147 222 222 222 222 . Total Orders 46 | . . . . . . . . . . . . . 1 2 . . 1 . . . . . . . . . . . . . . . . . . 2 40 . STAY 17 | . . . . . . . . . . . . . 1 . . . . . . . . . . . . . . . . . . . . . . 1 15 . ROAM 5 | . . . . . . . . . . . . . . . . . 1 . . . . . . . . . . . . . . . . . . . 4 . FOLLOW 21 | . . . . . . . . . . . . . . . . . . . . . . . . . . . . . . . . . . . . 1 20 . AID 1 | . . . . . . . . . . . . . . . . . . . . . . . . . . . . . . . . . . . . . 1 . EXPLORE 2 | . . . . . . . . . . . . . . 2 . . . . . . . . . . . . . . . . . . . . . . . . Ally Attacks 1642 | . . . . . . . . . . . 161 . 7 . . 89 119 . . . 23 . 15 . 16 14 62 114 89 7 11 23 68 58 102 70 594 . Total Damage 46245 | . . . . . . . . . . . 3253 . 134 . . 2177 3107 . . . 164 . 281 . 517 399 1476 3127 2971 155 335 464 2380 3029 4064 1711 16501 . Kills 177 | . . . . . . . . . . . 7 . 1 . . 10 15 . . . 2 . 3 . 1 3 6 13 13 1 1 1 6 18 13 8 55 . Allies Corrupted 8 | . . . . . . . . . . . . . . . . . . . . . . . . . 1 . . . . 1 3 . . . 1 1 1 . Allies Melted . | . . . . . . . . . . . . . . . . . . . . . . . . . . . . . . . . . . . . . . . Intel | -11 -10 -10 -9 -9 -9 -8 -8 -8 -8 -7 -7 -7 -7 -6 -6 -6 -6 -6 -6 -5 -5 -4 -4 -4 -4 -3 -3 -3 -3 -2 -2 -2 -2 -1 -1 -1 -1 -1 ------- Run | Scr Mat Min Mat Sto Gar Mat Gar Mat Gar Fac Was Fac Gar Fac Gar Ext Cet Arc Hub Fac Gar Fac Gar Fac Gar Res Gar Res Tes Res Qua Sec Gar Acc Gar Acc Com Ac0 Robot Analysis Total 3 | . . . . . . . . . . . . . . . . . . . . . . . . . . . . 3 . . . . . . . . . . Derelict Logs Recovered . | . . . . . . . . . . . . . . . . . . . . . . . . . . . . . . . . . . . . . . . Drone Launches 2 | . . . . . . . . . . . . . . 2 . . . . . . . . . . . . . . . . . . . . . . . . Drone Recoveries . | . . . . . . . . . . . . . . . . . . . . . . . . . . . . . . . . . . . . . . . Exploration | -11 -10 -10 -9 -9 -9 -8 -8 -8 -8 -7 -7 -7 -7 -6 -6 -6 -6 -6 -6 -5 -5 -4 -4 -4 -4 -3 -3 -3 -3 -2 -2 -2 -2 -1 -1 -1 -1 -1 ------------- Run | Scr Mat Min Mat Sto Gar Mat Gar Mat Gar Fac Was Fac Gar Fac Gar Ext Cet Arc Hub Fac Gar Fac Gar Fac Gar Res Gar Res Tes Res Qua Sec Gar Acc Gar Acc Com Ac0 Turns Passed 24737 | 251 39 547 693 306 231 1587 182 1119 221 572 625 287 833 657 718 1029 593 821 657 89 222 141 571 132 384 594 406 842 450 147 321 602 282 531 439 946 4445 1225 Spaces Moved 26227 | 109 27 169 315 194 124 667 97 497 113 283 301 113 334 327 338 434 176 182 269 166 305 361 509 289 457 994 706 1552 1297 407 980 1902 409 1289 650 1349 5778 1758 Core 226 | 5 . . . . . . . . . . . . . . . . . 63 3 13 . . . . 95 47 . . . . . . . . . . . . Treads 4346 | 66 . 166 112 . . 635 97 497 113 283 301 113 334 304 338 426 176 119 266 . . . . . . . . . . . . . . . . . . . Legs 167 | 38 27 3 . . 66 32 . . . . . . . . . . . . . . . . . . 1 . . . . . . . . . . . . . Wheels 477 | . . . 203 194 57 . . . . . . . . 23 . . . . . . . . . . . . . . . . . . . . . . . . Hover 9446 | . . . . . . . . . . . . . . . . . . . . . . . . 222 361 103 . . . . . . . . . 1224 5778 1758 Flight 11565 | . . . . . 1 . . . . . . . . . . 8 . . . 153 305 361 509 67 . 844 706 1552 1297 407 980 1902 409 1289 650 125 . . Fastest Speed 5 | 50 120 120 95 90 90 120 167 167 167 165 160 160 160 140 160 160 160 160 50 40 24 24 23 35 40 25 16 23 5 5 5 5 12 6 6 20 40 16 Average Speed 58 | 141 120 159 124 92 108 157 167 167 167 166 162 160 160 158 160 167 160 346 158 41 30 24 37 38 42 31 27 24 23 22 21 19 22 21 21 47 50 28 Slowest Speed 700 | 160 120 160 160 105 250 200 167 167 167 167 265 160 160 160 160 560 160 700 160 80 40 24 106 40 120 80 29 27 24 31 27 27 23 23 23 160 133 114 Overloaded Moves 2079 | . . . . . . . . . . . . . . . . . . . . . . . . . . . 2 . 19 28 11 635 11 5 29 . . 1339 Propulsion Burnouts 1 | . . . . . . . . . . . . . . . . . . . . . . . . . . . . . . . . 1 . . . . . . Robots Hopped 108 | . . . . . . . . . . . . . . . . . . . . 1 . 6 4 1 . 9 . 16 15 2 18 18 . 12 6 . . . Cave-ins Triggered . | . . . . . . . . . . . . . . . . . . . . . . . . . . . . . . . . . . . . . . . Teleports 3 | . . . . . . . . . . . . . . . . . . . . . . . . . . . . . . . 1 . . . . . 1 1 Exploration Rate (%) 47 | 4 9 44 44 42 27 65 33 35 36 11 95 4 47 17 65 55 64 78 43 4 35 14 84 8 60 34 82 51 93 16 94 86 67 32 92 35 92 67 Regions Visited 38 Branch Regions 11 Pre-discovered Areas 1 | . . 1 . . . . . . . . . . . . . . . . . . . . . . . . . . . . . . . . . . . . Known Exits Taken 15 | . . . 1 1 . 1 . 1 . . . 1 . 1 . . . . 1 1 . 1 . 1 . 1 . 1 1 . . 1 . 1 . . . . Unknown Exits Taken 10 | 1 1 1 . . . . . . . . . . . . . 1 1 1 . . . . . . . . . . . 1 1 . . . . 1 1 . Scrap Searched . | . . . . . . . . . . . . . . . . . . . . . . . . . . . . . . . . . . . . . . . Spaces Dug 111 | . 1 . 5 . . 2 . 5 . . . . . 2 . . . . . . . . . 2 1 8 . 3 6 3 7 15 . 6 . 11 28 6 Terrain Destroyed 586 | . 1 . 44 . . 12 . 13 . . . . . 2 . . 1 3 184 . . . . 2 1 8 . 3 6 3 7 15 . 6 . 11 28 236 Melee 101 | . . . . . . 1 . 5 . . . . . . . . . . . . . . . 2 1 8 . 3 6 3 7 14 . 6 . 11 28 6 Projectile 45 | . 1 . 9 . . 9 . . . . . . . 2 . . 1 3 19 . . . . . . . . . . . . 1 . . . . . . AOE 440 | . . . 35 . . 2 . 8 . . . . . . . . . . 165 . . . . . . . . . . . . . . . . . . 230 Terrain Rammed 1 | . . . . . . . . . . . . . 1 . . . . . . . . . . . . . . . . . . . . . . . . . Walls Destroyed . | . . . . . . . . . . . . . . . . . . . . . . . . . . . . . . . . . . . . . . . Machines Disabled 1 | . . . . . . . . . . . . . 1 . . . . . . . . . . . . . . . . . . . . . . . . . Actions | -11 -10 -10 -9 -9 -9 -8 -8 -8 -8 -7 -7 -7 -7 -6 -6 -6 -6 -6 -6 -5 -5 -4 -4 -4 -4 -3 -3 -3 -3 -2 -2 -2 -2 -1 -1 -1 -1 -1 --------- Run | Scr Mat Min Mat Sto Gar Mat Gar Mat Gar Fac Was Fac Gar Fac Gar Ext Cet Arc Hub Fac Gar Fac Gar Fac Gar Res Gar Res Tes Res Qua Sec Gar Acc Gar Acc Com Ac0 Total 33282 | 162 29 411 476 260 178 982 105 743 125 350 398 172 556 430 438 689 411 314 405 181 401 397 867 302 624 1215 884 1953 1396 449 1043 2087 570 1469 894 1561 7029 2326 Wait 3497 | . . 195 44 8 8 65 2 190 3 29 48 31 121 38 20 52 138 85 74 . 28 4 279 9 68 123 58 345 59 34 33 71 101 103 160 82 707 82 Move 25989 | 108 26 168 314 194 123 667 96 496 112 283 300 113 333 327 337 433 175 181 268 163 304 348 501 286 455 977 705 1521 1266 402 946 1866 408 1267 640 1348 5775 1757 Hop 93 | . . . . . . . . . . . . . . . . . . . . 1 . 6 3 1 . 7 . 14 15 2 15 17 . 9 3 . . . Pick Up 169 | 7 . 7 4 3 2 12 . 5 . . . . 1 3 1 3 1 2 . 1 . 3 1 . 1 2 1 5 5 1 2 15 1 3 5 14 44 14 Fast Attach 375 | 7 . 4 11 10 5 24 . 3 . 3 8 . 16 8 6 8 12 6 1 8 12 5 7 3 9 25 16 10 6 2 5 18 10 9 5 9 48 36 Attach 152 | 2 . 4 3 1 3 10 . 3 . . . . 3 1 4 . 3 . 1 1 . . 2 . 9 9 1 2 2 . 2 10 1 4 2 3 43 23 Detach 145 | . . 1 3 . 1 8 . 1 . . 1 . 1 3 1 1 4 . 2 2 6 2 5 . 9 12 7 3 6 . 3 5 5 5 5 5 30 8 Swap 227 | 2 2 . 10 2 2 13 1 10 . 2 3 . 7 1 3 6 1 . . . 5 4 1 . . 5 4 3 . 3 2 5 . 18 20 20 55 17 Drop 333 | 2 . 9 13 11 2 26 . 10 . 3 16 . 2 9 3 12 15 8 . 4 2 4 7 . 4 16 6 14 6 . 4 21 3 2 2 19 61 17 Fire 879 | 34 1 22 72 26 32 115 6 18 10 12 22 24 29 31 60 24 36 30 48 . . . . . 1 10 18 12 14 2 10 14 16 21 18 11 39 41 Melee 901 | . . . . 5 . 23 . 5 . . . . 6 . . . 23 . . 1 31 8 20 2 24 28 13 24 15 3 20 30 15 26 20 48 180 331 Ram 2 | . . . . . . . . . . . . . 1 . . . . . . . . . . 1 . . . . . . . . . . . . . . Kick . | . . . . . . . . . . . . . . . . . . . . . . . . . . . . . . . . . . . . . . . Crush 112 | . . 1 2 . . 19 . 2 . 18 . 4 35 9 3 3 3 2 11 . . . . . . . . . . . . . . . . . . . Escape Stasis 217 | . . . . . . . . . . . . . . . . . . . . . 13 . 40 . 43 . 55 . . . . 15 7 . 8 . 36 . Rewire 178 | . . . . . . . . . . . . . 1 . . 147 . . . . . . 1 . 1 1 . . 2 . 1 . 3 2 6 2 11 . Trap 13 | . . . . . . . . . . . . . . . . . . . . . . 13 . . . . . . . . . . . . . . . . Miscellaneous . | . . . . . . . . . . . . . . . . . . . . . . . . . . . . . . . . . . . . . . . Route ------- -11/Scrapyard -10/Materials -10/Mines -9/Materials (discovered 2 exits: *Min / *Sto) -9/Storage -9/Garrison -8/Materials (discovered 3 exits: *Fac x2 / Gar) -8/Garrison -8/Materials -8/Garrison -7/Factory -7/Waste -7/Factory -7/Garrison -6/Factory (discovered 6 exits: *Fac / Low x2 / *Ext x2 / Gar) -6/Garrison (discovered 3 exits: *Ext x3) -6/Extension (discovered 2 exits: *Fac / *Cet) -6/Cetus (discovered 2 exits: *Fac / [*Arc]) -6/Archives (discovered 3 exits: *Fac / *Hub x2) -6/Hub_04(d) (discovered 4 exits: *Fac x4) -5/Factory -5/Garrison -4/Factory (discovered 3 exits: *Upp x2 / Gar) -4/Garrison (discovered 3 exits: *Fac x3) -4/Factory -4/Garrison -3/Research (discovered 7 exits: Res x3 / *Arm / Tes x2 / Gar) -3/Garrison (discovered 3 exits: *Res x3) -3/Research (discovered 8 exits: *Res x3 / Arm / *Tes x2 / Gar / Gar) -3/Testing -2/Research -2/Quarantine (discovered 2 exits: *Acc / *Sec) -2/Section 7 (discovered 2 exits: *Acc / Gar) -2/Garrison (discovered 2 exits: *Acc x2) -1/Access (discovered 2 exits: Gar / Gar) -1/Garrison (discovered 3 exits: [*Acc x3]) -1/Access -1/Command (discovered 2 exits: [*Sur] / [*Ac0]) -1/Access_0 Near Former Tau Ceti IV History --------- Turn | Location | Event 2 | -11/Scrapyard | Discovered new exit (range 16) 252 | -11/Scrapyard | Entered Materials 274 | -10/Materials | Discovered new exit (range 14) 291 | -10/Materials | Entered Mines 303 | -10/Mines | Met a Derelict bent on vengeance 315 | -10/Mines | Build established: Mutant 365 | -10/Mines | Found a damaged Exp. Sensor Array with a note attached 368 | -10/Mines | Found Prototype Device 569 | -10/Mines | Met a Derelict who couldn't figure out how to use a Trap Extractor 823 | -10/Mines | Learned location of Storage (-9) 829 | -10/Mines | Discovered new exit (range 5) 838 | -10/Mines | Entered Materials 838 | -9/Materials | Evolved 2 slots: Propulsion x1, Utility x1 871 | -9/Materials | Identified exit to Mines 871 | -9/Materials | Identified exit to Storage 1531 | -9/Materials | Entered Storage 1837 | -9/Storage | Identified exit to Garrison 1837 | -9/Storage | Entered Garrison 1882 | -9/Garrison | Triggered checkpoint 1888 | -9/Garrison | Triggered checkpoint 1942 | -9/Garrison | Core integrity fell below 50% 2000 | -9/Garrison | Destroyed 13 combat bots 2004 | -9/Garrison | Lost 8 parts (3n3u2w) 2047 | -9/Garrison | Discovered new exit (range 8) 2063 | -9/Garrison | Installed Relay Interface Framework 2068 | -9/Garrison | Entered Materials 2068 | -8/Materials | Evolved 2 slots: Propulsion x1, Utility x1 2209 | -8/Materials | Lost 3 parts (2n1w) 2260 | -8/Materials | Build established: Scavenger-Mutant 2529 | -8/Materials | Identified Exp. Sensor Array 2788 | -8/Materials | Discovered new exit (range 16) 3156 | -8/Materials | Discovered new exit (range 15) 3561 | -8/Materials | Build established: Mutant 3655 | -8/Materials | Identified exit to Garrison 3655 | -8/Materials | Entered Garrison 3723 | -8/Garrison | Triggered checkpoint 3796 | -8/Garrison | Discovered new exit (range 12) 3822 | -8/Garrison | Expanded RIF knowledge: Alert ID Control 3837 | -8/Garrison | Entered Materials 4951 | -8/Materials | Identified exit to Garrison 4956 | -8/Materials | Entered Garrison 5056 | -8/Garrison | Triggered checkpoint 5135 | -8/Garrison | Discovered new exit (range 15) 5170 | -8/Garrison | Expanded RIF knowledge: Structural Interface 5177 | -8/Garrison | Entered Factory 5177 | -7/Factory | Evolved 2 slots: Utility x2 5749 | -7/Factory | Sucked down chute 5749 | -7/Factory | Entered Waste 5758 | -7/Waste | Spotted C-40 Crusher 5791 | -7/Waste | Destroyed C-40 Crusher 5823 | -7/Waste | Warlord forces began an assault 5910 | -7/Waste | Spotted C-40 Crusher 5917 | -7/Waste | Allies destroyed C-40 Crusher 5935 | -7/Waste | Spotted C-40 Crusher 5937 | -7/Waste | Spotted C-40 Crusher 5953 | -7/Waste | Allies destroyed C-40 Crusher 6002 | -7/Waste | Destroyed C-40 Crusher 6025 | -7/Waste | Found Damper Plating 6276 | -7/Waste | Discovered new exit (range 12) 6300 | -7/Waste | Build established: Scavenger-Mutant 6374 | -7/Waste | Entered Factory 6430 | -7/Factory | Garrison activated, responded to threat 6661 | -7/Factory | Identified exit to Garrison 6661 | -7/Factory | Entered Garrison 6710 | -7/Garrison | Triggered checkpoint 6768 | -7/Garrison | Garrison Relay disabled 6866 | -7/Garrison | Triggered checkpoint 7072 | -7/Garrison | Triggered checkpoint 7081 | -7/Garrison | Build established: Bothacker-Mutant 7131 | -7/Garrison | Lost 6 parts (2n3u1w) 7186 | -7/Garrison | Triggered checkpoint 7284 | -7/Garrison | Lost 6 parts (1p1n2u2w) 7409 | -7/Garrison | Discovered new exit (range 11) 7437 | -7/Garrison | Build established: Scavenger-Mutant 7439 | -7/Garrison | Expanded RIF knowledge: Patrol Navigation 7494 | -7/Garrison | Entered Factory 7494 | -6/Factory | Evolved 2 slots: Propulsion x2 7656 | -6/Factory | Garrison activated, responded to threat 7718 | -6/Factory | Discovered new exit (range 3) 7865 | -6/Factory | Discovered new exit (range 16) 8109 | -6/Factory | Identified exit to Lower Caves 8109 | -6/Factory | Identified exit to Extension 8151 | -6/Factory | Identified exit to Garrison 8151 | -6/Factory | Entered Garrison 8242 | -6/Garrison | Triggered checkpoint 8249 | -6/Garrison | Triggered checkpoint 8255 | -6/Garrison | Triggered checkpoint 8317 | -6/Garrison | Destroyed 7 combat bots 8374 | -6/Garrison | Lost 3 parts (1n2u) 8561 | -6/Garrison | Discovered exit to Extension (range 8) 8700 | -6/Garrison | Discovered exit to Extension (range 9) 8842 | -6/Garrison | Discovered exit to Extension (range 8) 8862 | -6/Garrison | Expanded RIF knowledge: Autoassimilate 8869 | -6/Garrison | Entered Extension 9251 | -6/Extension | Rescued A7 9651 | -6/Extension | Spotted B-75 Beast 9659 | -6/Extension | Destroyed B-75 Beast 9673 | -6/Extension | Spotted B-75 Beast 9687 | -6/Extension | Allies destroyed B-75 Beast 9857 | -6/Extension | Discovered new exit (range 16) 9858 | -6/Extension | Discovered new exit (range 15) 9898 | -6/Extension | Entered Cetus 9898 | -6/Cetus | Accompanied by 8 allies (A7) 9903 | -6/Cetus | Acquired a Cetus Manufacturing Module code from A7 9920 | -6/Cetus | Spotted Cetus Guard 9920 | -6/Cetus | Spotted Cetus Guard 9923 | -6/Cetus | Spotted Cetus Guard 9926 | -6/Cetus | Spotted Cetus Guard 9938 | -6/Cetus | Allies destroyed Cetus Guard 9945 | -6/Cetus | Allies destroyed Cetus Guard 9946 | -6/Cetus | Destroyed Cetus Guard 9952 | -6/Cetus | Allies destroyed Cetus Guard 10013 | -6/Cetus | Destroyed A7 10014 | -6/Cetus | Extracted ID and sensor layout for unrecognized location from A7's data core 10150 | -6/Cetus | Destroyed 7 combat bots 10166 | -6/Cetus | Started Cetus Manufacturing Module 10191 | -6/Cetus | Manufactured an Enhanced Grunt 10216 | -6/Cetus | Manufactured an Enhanced Grunt 10241 | -6/Cetus | Manufactured an Enhanced Grunt 10266 | -6/Cetus | Manufactured an Enhanced Grunt 10291 | -6/Cetus | Manufactured an Enhanced Grunt 10317 | -6/Cetus | Discovered new exit (range 16) 10357 | -6/Cetus | Spotted Cetus Guard 10357 | -6/Cetus | Spotted Cetus Guard 10361 | -6/Cetus | Spotted Cetus Guard 10365 | -6/Cetus | Spotted Cetus Guard 10378 | -6/Cetus | Allies destroyed Cetus Guard 10378 | -6/Cetus | Allies destroyed Cetus Guard 10380 | -6/Cetus | Destroyed Cetus Guard 10418 | -6/Cetus | Discovered new exit (range 16) 10429 | -6/Cetus | Met Revision 17 10491 | -6/Cetus | Entered Archives 10625 | -6/Archives | Discovered new exit (range 16) 10668 | -6/Archives | Discovered new exit (range 16) 10681 | -6/Archives | Discovered new exit (range 16) 11312 | -6/Archives | Entered Hub_04(d) 11415 | -6/Hub_04(d) | Identified exit to Factory 11945 | -6/Hub_04(d) | Network Hub disabled 11945 | -6/Hub_04(d) | Spotted Lightning 11947 | -6/Hub_04(d) | Spotted Lightning 11957 | -6/Hub_04(d) | Spotted Lightning 11957 | -6/Hub_04(d) | Spotted Lightning 11957 | -6/Hub_04(d) | Spotted Lightning 11957 | -6/Hub_04(d) | Spotted Lightning 11957 | -6/Hub_04(d) | Spotted Lightning 11957 | -6/Hub_04(d) | Spotted Lightning 11958 | -6/Hub_04(d) | Network Hub disabled 11958 | -6/Hub_04(d) | Spotted Lightning 11958 | -6/Hub_04(d) | Spotted Lightning 11959 | -6/Hub_04(d) | Core integrity fell below 50% 11959 | -6/Hub_04(d) | Spotted Lightning 11962 | -6/Hub_04(d) | Spotted Lightning 11966 | -6/Hub_04(d) | System corruption reached 10% 11969 | -6/Hub_04(d) | Entered Factory 11969 | -5/Factory | Evolved 2 slots: Power x1, Utility x1 11997 | -5/Factory | Lost 8 parts (1p3n3u1w) 12021 | -5/Factory | Identified exit to Garrison 12058 | -5/Factory | Entered Garrison 12060 | -5/Garrison | Expanded RIF knowledge: Robot Detection 12071 | -5/Garrison | Garrison Relay disabled 12118 | -5/Garrison | Triggered checkpoint 12220 | -5/Garrison | Triggered checkpoint 12248 | -5/Garrison | Garrison Relay disabled 12260 | -5/Garrison | Discovered new exit (range 12) 12280 | -5/Garrison | Entered Factory 12280 | -4/Factory | Evolved 2 slots: Utility x2 12285 | -4/Factory | Discovered new exit (range 7) 12306 | -4/Factory | Identified exit to Upper Caves 12405 | -4/Factory | Identified exit to Garrison 12421 | -4/Factory | Entered Garrison 12421 | -4/Garrison | Accompanied by 1 ally 12436 | -4/Garrison | Triggered checkpoint 12469 | -4/Garrison | Garrison Relay disabled 12483 | -4/Garrison | Spotted B-86 Titan 12564 | -4/Garrison | P-70 Sage assimilated allied S-27 Virus 12865 | -4/Garrison | Lost 3 parts (1n2u) 12893 | -4/Garrison | Discovered new exit (range 12) 12950 | -4/Garrison | Discovered new exit (range 15) 12969 | -4/Garrison | Triggered checkpoint 12981 | -4/Garrison | Discovered new exit (range 15) 12989 | -4/Garrison | Expanded RIF knowledge: Autoassimilate 12992 | -4/Garrison | Entered Factory 12997 | -4/Factory | Identified exit to Garrison 13001 | -4/Factory | Lost 3 parts (3n) 13124 | -4/Factory | Entered Garrison 13149 | -4/Garrison | Lost 3 parts (1p1n1u) 13185 | -4/Garrison | Triggered checkpoint 13188 | -4/Garrison | Garrison Relay disabled 13266 | -4/Garrison | Triggered checkpoint 13268 | -4/Garrison | Build established: Botlord-Mutant 13361 | -4/Garrison | Discovered new exit (range 14) 13370 | -4/Garrison | Expanded RIF knowledge: Crosswire 13398 | -4/Garrison | Triggered checkpoint 13434 | -4/Garrison | Lost 4 parts (1n2u1w) 13435 | -4/Garrison | Garrison Relay disabled 13450 | -4/Garrison | Triggered checkpoint 13508 | -4/Garrison | Entered Research 13508 | -3/Research | Evolved 2 slots: Utility x2 13670 | -3/Research | Identified exit to Research 13708 | -3/Research | Revision forces began assault on 0b10 13714 | -3/Research | Met up with Revision 17++ 13978 | -3/Research | Identified exit to Armory 13978 | -3/Research | Identified exit to Testing 13984 | -3/Research | Found Enh. Force Lance 14019 | -3/Research | Identified exit to Garrison 14102 | -3/Research | Entered Garrison 14102 | -3/Garrison | Accompanied by 4 allies 14114 | -3/Garrison | Triggered checkpoint 14135 | -3/Garrison | Garrison Relay disabled 14153 | -3/Garrison | Spotted B-86 Titan 14180 | -3/Garrison | Triggered checkpoint 14219 | -3/Garrison | Discovered new exit (range 9) 14221 | -3/Garrison | Build established: Botlord-Sprinter 14230 | -3/Garrison | Triggered checkpoint 14253 | -3/Garrison | Garrison Relay disabled 14275 | -3/Garrison | Destroyed B-86 Titan 14294 | -3/Garrison | Discovered new exit (range 21) 14310 | -3/Garrison | Garrison Relay disabled 14322 | -3/Garrison | Triggered checkpoint 14382 | -3/Garrison | Triggered checkpoint 14409 | -3/Garrison | Discovered new exit (range 9) 14413 | -3/Garrison | Expanded RIF knowledge: Program Shield 14422 | -3/Garrison | Triggered checkpoint 14434 | -3/Garrison | Garrison Relay disabled 14508 | -3/Garrison | Entered Research 14508 | -3/Research | Accompanied by 9 allies 14596 | -3/Research | Identified exit to Garrison 14651 | -3/Research | Garrison activated, responded to threat 14761 | -3/Research | Spotted B-86 Titan 14998 | -3/Research | Found Prototype Device 14998 | -3/Research | Identified EM Dispersion Field 15001 | -3/Research | Found Faulty EM Dispersion Field 15011 | -3/Research | Spotted B-86 Titan 15035 | -3/Research | Identified exit to Garrison 15192 | -3/Research | Fabricated EM Dispersion Field (x1) 15208 | -3/Research | Research terminal network offline 15350 | -3/Research | Entered Testing 15350 | -3/Testing | Accompanied by 7 allies 15375 | -3/Testing | Found Prototype Processor 15435 | -3/Testing | Spotted Striker 15435 | -3/Testing | Spotted Striker 15454 | -3/Testing | Identified exit to Garrison 15554 | -3/Testing | Found Prototype Device 15579 | -3/Testing | Found Prototype Processor 15590 | -3/Testing | Identified Exp. Melee Analysis Suite 15590 | -3/Testing | Identified Spectral Analyzer 15712 | -3/Testing | Spotted Alpha 7 15727 | -3/Testing | Found Prototype Energy Cannon 15789 | -3/Testing | Discovered exit to Research (range 10) 15800 | -3/Testing | Entered Research 15800 | -2/Research | Accompanied by 1 ally 15800 | -2/Research | Spotted B-90 Cyclops 15800 | -2/Research | Evolved 2 slots: Utility x2 15943 | -2/Research | Discovered new exit (range 23) 15943 | -2/Research | Spotted B-90 Cyclops 15947 | -2/Research | Entered Quarantine 15954 | -2/Quarantine | Found Alien Artifact 15983 | -2/Quarantine | Identified Subatomic Replicator 16048 | -2/Quarantine | Cryocooling Duct disabled 16063 | -2/Quarantine | Ambient heat levels rising (+20) 16063 | -2/Quarantine | Non-combat units ordered to evacuate 16125 | -2/Quarantine | Spotted Alpha 7 16165 | -2/Quarantine | Found Alien Launcher 16226 | -2/Quarantine | Discovered new exit (range 19) 16238 | -2/Quarantine | Found Alien Artifact 16238 | -2/Quarantine | Identified Hpw. Transdimensional Reconstructor 16238 | -2/Quarantine | Warped through subspace 16251 | -2/Quarantine | Spotted Fortress 16267 | -2/Quarantine | Discovered new exit (range 5) 16268 | -2/Quarantine | Entered Section 7 16291 | -2/Section 7 | Spotted S7 Guard 16295 | -2/Section 7 | Found Alien Artifact 16295 | -2/Section 7 | Identified Integrated Heat Negator 16295 | -2/Section 7 | Installed Integrated Heat Negator, increased core heat dissipation (+40) 16371 | -2/Section 7 | Spotted B-90 Cyclops 16411 | -2/Section 7 | Found Alien Artifact 16414 | -2/Section 7 | Identified Integrated Mediator 16415 | -2/Section 7 | Installed Integrated Mediator, increased core attachment efficiency. 16431 | -2/Section 7 | Spotted S7 Guard 16441 | -2/Section 7 | Found Alien Artifact 16466 | -2/Section 7 | Identified Core Reset Matrix 16520 | -2/Section 7 | Found Alien Artifact 16520 | -2/Section 7 | Identified Integrated Dissipator 16520 | -2/Section 7 | Installed Integrated Dissipator, increased core heat dissipation (+20) 16550 | -2/Section 7 | Discovered new exit (range 19) 16587 | -2/Section 7 | Spotted S7 Guard 16592 | -2/Section 7 | Spotted B-90 Cyclops 16636 | -2/Section 7 | Spotted Executioner 16636 | -2/Section 7 | Spotted Executioner 16642 | -2/Section 7 | Spotted B-99 Colossus 16660 | -2/Section 7 | Found Alien Artifact 16660 | -2/Section 7 | Identified LRC Matter Compressor 16660 | -2/Section 7 | Installed LRC Matter Compressor, increased matter storage capacity (+125) 16663 | -2/Section 7 | Found Alien Artifact 16663 | -2/Section 7 | Identified LRC Storage 16663 | -2/Section 7 | Installed LRC Storage, increased inventory capacity (+2) 16665 | -2/Section 7 | Found Alien Artifact 16665 | -2/Section 7 | Identified LRC Armor 16665 | -2/Section 7 | Installed LRC Armor, increased core integrity (+250) 16693 | -2/Section 7 | Found Alien Artifact 16693 | -2/Section 7 | Identified Matter Drive 16702 | -2/Section 7 | Found Matter Drive 16704 | -2/Section 7 | Found Alien Artifact 16705 | -2/Section 7 | Found Alien Artifact 16709 | -2/Section 7 | Found Alien Artifact 16709 | -2/Section 7 | Identified Terrabomb 16709 | -2/Section 7 | Used Terrabomb 16711 | -2/Section 7 | Found Terrabomb 16719 | -2/Section 7 | Spotted Alpha 7 16769 | -2/Section 7 | Found Alien Artifact 16769 | -2/Section 7 | Identified Core Physics Calibrator 16795 | -2/Section 7 | Found Alien Artifact 16795 | -2/Section 7 | Identified Integrity Redistributor 16795 | -2/Section 7 | Used Integrity Redistributor, redistributed integrity from core (-50) 16807 | -2/Section 7 | Spotted Alpha 7 16819 | -2/Section 7 | Found Alien Artifact 16823 | -2/Section 7 | Identified Transdimensional Reconstructor 16852 | -2/Section 7 | Identified Integrated Singularity Reactor 16853 | -2/Section 7 | Spotted S7 Guard 16858 | -2/Section 7 | Found Alien Artifact 16858 | -2/Section 7 | Identified Core Membrane 16858 | -2/Section 7 | Installed Core Membrane, gained immunity to corruption 16864 | -2/Section 7 | Used Subatomic Replicator to replicate Integrated Singularity Reactor 16865 | -2/Section 7 | Installed Integrated Singularity Reactor, increased core energy generation (+20) 16867 | -2/Section 7 | Installed Integrated Singularity Reactor, increased core energy generation (+20) 16870 | -2/Section 7 | Identified exit to Garrison 16870 | -2/Section 7 | Entered Garrison 16870 | -2/Garrison | Accompanied by 2 allies 16886 | -2/Garrison | Garrison Relay disabled 16904 | -2/Garrison | Triggered checkpoint 16940 | -2/Garrison | Spotted B-90 Cyclops 16953 | -2/Garrison | Triggered checkpoint 16955 | -2/Garrison | Triggered checkpoint 16956 | -2/Garrison | Triggered checkpoint 16968 | -2/Garrison | Discovered new exit (range 13) 16972 | -2/Garrison | Expanded RIF knowledge: Coupler Efficiency 16982 | -2/Garrison | Triggered checkpoint 17003 | -2/Garrison | Garrison Relay disabled 17082 | -2/Garrison | Discovered new exit (range 8) 17095 | -2/Garrison | Garrison Relay disabled 17118 | -2/Garrison | Triggered checkpoint 17152 | -2/Garrison | Entered Access 17152 | -1/Access | Accompanied by 2 allies 17152 | -1/Access | Evolved 2 slots (calibrated): -Power x1, Utility x4, -Weapon x1 17169 | -1/Access | Identified exit to Garrison 17204 | -1/Access | Spotted B-99 Colossus 17205 | -1/Access | Autoassimilated Colossus 10a with RIF 17215 | -1/Access | Garrison activated, responded to threat 17282 | -1/Access | Found Prototype Processor 17294 | -1/Access | Identified exit to Garrison 17539 | -1/Access | Identified Exp. Core Analyzer 17683 | -1/Access | Entered Garrison 17690 | -1/Garrison | Triggered checkpoint 17703 | -1/Garrison | Garrison Relay disabled 17750 | -1/Garrison | Spotted B-99 Colossus 17784 | -1/Garrison | Triggered checkpoint 17794 | -1/Garrison | Spotted B-99 Colossus 17794 | -1/Garrison | Spotted B-99 Colossus 17824 | -1/Garrison | Garrison Relay disabled 17840 | -1/Garrison | Garrison Relay disabled 17856 | -1/Garrison | Discovered new exit (range 2) 17901 | -1/Garrison | Assimilated Colossus 10b with formatsys_high 17910 | -1/Garrison | Triggered checkpoint 17932 | -1/Garrison | Triggered checkpoint 17943 | -1/Garrison | Discovered new exit (range 22) 17950 | -1/Garrison | Expanded RIF knowledge: Coupler Efficiency 17968 | -1/Garrison | Discovered new exit (range 22) 17982 | -1/Garrison | Triggered checkpoint 17994 | -1/Garrison | Garrison Relay disabled 18122 | -1/Garrison | Entered Access 18122 | -1/Access | Accompanied by 5 allies 18247 | -1/Access | Spotted B-99 Colossus 18273 | -1/Access | Found Exp. Shield Generator 18286 | -1/Access | Found Exp. Shield Generator 18288 | -1/Access | Found Exp. Shield Generator 18347 | -1/Access | Spotted B-99 Colossus 18504 | -1/Access | Build established: Botlord-Mutant 18561 | -1/Access | Found Quantum Capacitor 19045 | -1/Access | Discovered new exit (range 3) 19068 | -1/Access | Entered Command 19068 | -1/Command | Accompanied by 12 allies 19091 | -1/Command | Spotted B-99 Colossus 19092 | -1/Command | Autoassimilated Colossus 10c with RIF 19256 | -1/Command | Spotted B-99 Colossus 19258 | -1/Command | Hijacked Colossus 10d control node with streamctrl_high 19450 | -1/Command | Allies destroyed Colossus 10d 19453 | -1/Command | Found Prototype Ballistic Gun 19528 | -1/Command | Spotted M Guard 19529 | -1/Command | Spotted M Guard 19529 | -1/Command | Spotted Combat Programmer 19548 | -1/Command | Spotted Combat Programmer 19667 | -1/Command | Identified Multirail 19691 | -1/Command | Allies destroyed Combat Programmer 19701 | -1/Command | Allies destroyed Combat Programmer 20203 | -1/Command | Destroyed M Guard 20219 | -1/Command | Destroyed M Guard 20219 | -1/Command | All MAIN.C guards destroyed 20244 | -1/Command | Lost 6 parts (1p2n2u1w) 20600 | -1/Command | Found Gamma Bomb Array 20814 | -1/Command | Found Ragnarok Missile Launcher 21466 | -1/Command | Met MAIN.C 21483 | -1/Command | 0b10 Conduit disabled 21492 | -1/Command | Allies destroyed MAIN.C Shell 21493 | -1/Command | MAIN.C activated Command garrisons 21533 | -1/Command | Destroyed MAIN.C 21535 | -1/Command | Found Prototype Device 21535 | -1/Command | Identified Beam Splitter 21540 | -1/Command | Found Prototype Protection 21543 | -1/Command | Found Zero-point Reactor 21581 | -1/Command | P-80 Master assimilated allied K-01 Serf 21582 | -1/Command | Discovered new exit (range 9) 21615 | -1/Command | Identified Exp. Powered Armor 21629 | -1/Command | Found Prototype Device 21629 | -1/Command | Identified Femtoactuators 21642 | -1/Command | Found Prototype Device 21642 | -1/Command | Identified Exp. ECM Suite 21804 | -1/Command | Build established: Scavenger-Mutant 22223 | -1/Command | Found Prototype Device 22226 | -1/Command | Identified Exp. Shock Absorption System 22338 | -1/Command | Found Prototype Protection 22338 | -1/Command | Identified Centrium Heavy Armor Plating 22625 | -1/Command | Found Exp. Target Analyzer 23509 | -1/Command | Warped through subspace to slip node 23509 | -1/Command | Discovered new exit (range 4) 23513 | -1/Command | Entered Access_0 23514 | -1/Access_0 | Met Architect 23529 | -1/Access_0 | Architect warped through subspace 23549 | -1/Access_0 | Destroyed A8 23573 | -1/Access_0 | Found Prototype Device 23573 | -1/Access_0 | Identified Exp. Cloaking Device 23582 | -1/Access_0 | Found Prototype Device 23582 | -1/Access_0 | Identified Exp. Thermal Defense Suite 23597 | -1/Access_0 | Architect warped through subspace 23622 | -1/Access_0 | Found Centrium Heavy Armor Plating 23625 | -1/Access_0 | Lost 3 parts (3u) 23666 | -1/Access_0 | Architect warped through subspace 23696 | -1/Access_0 | Found Integrity Redistributor 23720 | -1/Access_0 | Used Integrity Redistributor, redistributed integrity from core (-123) 23724 | -1/Access_0 | Architect warped through subspace 23768 | -1/Access_0 | Architect warped through subspace 23793 | -1/Access_0 | A6 warped into view 23806 | -1/Access_0 | Destroyed A6 23815 | -1/Access_0 | Architect warped through subspace 23841 | -1/Access_0 | Found Prototype Device 23841 | -1/Access_0 | Identified Exp. Weapon Cycler 23849 | -1/Access_0 | Architect warped through subspace 23888 | -1/Access_0 | Architect warped through subspace 23894 | -1/Access_0 | Found Exp. Armor Integrity Analyzer 23919 | -1/Access_0 | Found Prototype Device 23919 | -1/Access_0 | Identified Exp. Phase Shifter 23924 | -1/Access_0 | Subspace Access Node disabled 23932 | -1/Access_0 | Architect warped through subspace 23937 | -1/Access_0 | Found Integrated Dissipator 23937 | -1/Access_0 | Installed Integrated Dissipator, increased core heat dissipation (+20) 23948 | -1/Access_0 | A5 warped into view 23964 | -1/Access_0 | Destroyed A5 23974 | -1/Access_0 | Core integrity fell below 50% 23981 | -1/Access_0 | Architect warped through subspace 24004 | -1/Access_0 | Architect warped through subspace 24062 | -1/Access_0 | Architect warped through subspace 24093 | -1/Access_0 | Architect warped through subspace 24100 | -1/Access_0 | Found Hpw. Transdimensional Reconstructor 24112 | -1/Access_0 | Architect warped through subspace 24121 | -1/Access_0 | Subspace Access Node disabled 24126 | -1/Access_0 | Subspace Access Node disabled 24166 | -1/Access_0 | Architect warped through subspace 24174 | -1/Access_0 | A4 warped into view 24218 | -1/Access_0 | Architect warped through subspace 24239 | -1/Access_0 | Destroyed A4 24250 | -1/Access_0 | Lost 6 parts (2n3u1w) 24251 | -1/Access_0 | Found Exp. Powered Armor 24266 | -1/Access_0 | Architect warped through subspace 24306 | -1/Access_0 | Architect warped through subspace 24329 | -1/Access_0 | Architect warped through subspace 24339 | -1/Access_0 | Architect warped through subspace 24346 | -1/Access_0 | Subspace Access Node disabled 24400 | -1/Access_0 | Lost 4 parts (2n2u) 24422 | -1/Access_0 | Core integrity fell below 20% 24508 | -1/Access_0 | Lost 3 parts (2n1u) 24544 | -1/Access_0 | Found Exp. Shock Absorption System 24584 | -1/Access_0 | Found Exp. Weapon Cycler 24677 | -1/Access_0 | Lost 5 parts (1p2n2u) 24731 | -1/Access_0 | Destroyed Architect 24732 | -1/Access_0 | Architect triggered a singularity event 24734 | -1/Access_0 | Found Hpw. Transdimensional Reconstructor 24734 | -1/Access_0 | Warped through subspace to slip node 24734 | -1/Access_0 | Discovered new exit (range 8) 24738 | *** | Escaped singularity! Last Messages --------------- 24713_ Penetrated by Quantum Shear. 24713_ Exp. Powered Armor severed. 24716_ The unstable cave ceiling collapses. 24720_ Penetrated by Quantum Shear. 24721_ Quantum Shear penetrates Wall. 24726_ Penetrated by Quantum Shear. 24728_ Lyr. Medium Armor Plating destroyed. 24729_ The unstable cave ceiling collapses. 24731_ Architect: "If I can't win, no one wins!" 24731_ Architect destroyed. 24732_ A0_COM: Initiating irreversible singularity event. Goodbye. 24733_ A0_COM: 10. 24734_ A0_COM: 9. 24734_ Acquired Hpw. Transdimensional Reconstructor. 24734_ Warped through subspace, drawn to slip node. 24734_ EXIT=FOUND 24735_ A0_COM: 8. 24736_ A0_COM: 7. 24737_ A0_COM: 6. 24738_ A0_COM: 5. Map ----- +----------------------------------------------------+ | | | | | | | | | | | | | | | | | | | | | | | | | | | | | | | | | ?????????????????????????????????????????????????? | | ?????????????????????????????????????????????????? | | ?????????????????????????????????????????????????? | | ?????????????????????????????????????????????????? | | ?????????????????????????????????????????????????? | | ?????????????????????????????????????????????????? | | ????????????????????????###??????????????????????? | | ???????????????????????## ##?????????????????????? | | ???????????????????????# #?????????????????????? | | ???????????????????????# @ #?????????????????????? | | ??????????????????????## #?????????????????????? | | ??????????????????????# #?????????????????????? | | ??????????????????????# ##?????????????????????? | | ??????????????????????## #?????????????????????? | | ??????????????????????# #?????????????????????? | | ??????????????????????# ##?????????????????????? | | ??????????????????????# < #?????????????????????? | | ??????????????????????# ##?????????????????????? | | ??????????????????????## #??????????????????????? | | ???????????????????????####??????????????????????? | | ?????????????????????????????????????????????????? | | ?????????????????????????????????????????????????? | | ?????????????????????????????????????????????????? | | ?????????????????????????????????????????????????? | | ?????????????????????????????????????????????????? | | ?????????????????????????????????????????????????? | | ?????????????????????????????????????????????????? | | ?????????????????????????????????????????????????? | | ?????????????????????????????????????????????????? | | ?????????????????????????????????????????????????? | | ?????????????????????????????????????????????????? | | ?????????????????????????????????????????????????? | | ?????????????????????????????????????????????????? | | ?????????????????????????????????????????????????? | +----------------------------------------------------+ Best States ------------- Heat Dissipation 241 Coolant Potential 100 Energy Generation 75 Energy Capacity 1340 Matter Stores 425 Matter Capacity 425 Sight Range 24 Robot Scan Range 20 Terrain Scan Range 20 Terrain Scan Density 60 ECM Strength 5 Power Amplification 40 Additional Mass Support 25 Armor Coverage 3200 Resistance: KI 30 Resistance: TH 75 Resistance: EX 75 Resistance: EM 90 Core Shielding 30 Power Shielding 66 Propulsion Shielding 66 Weapon Shielding 66 Point Defense Rating 320 Weapon Cycling 30 Melee Speed Boost 50 Phase Shifting 20 Evasion (%) 95 Targeting Accuracy 6 Melee Accuracy 14 Target Analysis 12 Core Analysis 10 Armor Integrity Analysis 50 Recoil Reduction 6 Salvage Targeting 1 Offensive Hacking 24 Defensive Hacking 24 Relay Coupler Types 596 Relay Coupler Value 9 Item Schematics ----------------- Lyr. Heavy Armor Plating | -4/Factory | Scanalyzed Cmb. Linear Gravjet | -3/Research | Hacked Cmb. Antigrav System | -3/Research | Hacked EM Dispersion Field | -3/Research | Scanalyzed Exp. Melee Analysis Suite | -3/Testing | Scanalyzed Robot Schematics ------------------ None Fabricated ------------ EM Dispersion Field | x1 | -3/Research Alien Tech Used ----------------- High-powered Transdimensional Reconstructor Integrated Heat Negator Integrated Mediator Integrated Dissipator LRC Matter Compressor LRC Storage LRC Armor Matter Drive Terrabomb Core Physics Calibrator Integrity Redistributor Core Membrane Subatomic Replicator Integrated Singularity Reactor Transdimensional Reconstructor Achievements -------------- None Challenges ------------ None Game ------ Seed VariableAssemblyVibroblade Manual? 0 Play Time 05:42:34 Cumulative 1927.9 hours Start 2021.02.18 @ 14:17:42 End 2021.02.19 @ 03:49:49 Sessions 5 Manual Loads 0 Difficulty Rogue Special Mode None Game No. 2558 Rogue 2550 Adventurer 0 Explorer 8 Win Type 6 Total 209 Types 43/27/82/3/3/5/43/2/1 Lore% 100 Gallery% 99 Achievement% 100 Wizard Run 0 Options --------- ASCII 0 Keyboard 1 Movement Numpad Keybinds 1 Fullscreen 1 Font 18/SmallcapsGlow Map View 76x50 Tactical HUD 1 Map Filters NONE Filters NONE Steam 1 RUN: c93faa67-e075-468e-b1c7-568b6ccab70e